Workbook
Name _11POS_BY_CAT: #REF!
Name _11POS_BY_CAT: #REF!
Name _11POS_BY_CAT: #REF!
Name _1ATTORNEY_SUPP: #REF!
Name _1ATTORNEY_SUPP: #REF!
Name _1ATTORNEY_SUPP: #REF!
Name _2ATTORNEY_SUPP: #REF!
Name _2ATTORNEY_SUPP: #REF!
Name _2GA_ROLLUP: #REF!
Name _3POS_BY_CAT: #REF!
Name _6GA_ROLLUP: #REF!
Name _7GA_ROLLUP: #REF!
Name _9POS_BY_CAT: #REF!
Name DL: #REF!
Name EXECSUPP: #REF!
Name FY0711.1: #REF!
Name FY0711.5: #REF!
Name FY0712.1: #REF!
Name FY0721.0: #REF!
Name FY0722.0: #REF!
Name FY0723.1: #REF!
Name FY0723.2: #REF!
Name FY0723.3: #REF!
Name FY0724.0: #REF!
Name FY0725.2: #REF!
Name FY0725.3: #REF!
Name FY0725.6: #REF!
Name FY0726.0: #REF!
Name FY0731.0: #REF!
Name FY0732.0: #REF!
Name FY07Ling: #REF!
Name FY07Mult: #REF!
Name FY07PEPI: #REF!
Name FY07Tot: #REF!
Name FY07Train: #REF!
Name FY0811.1: #REF!
Name FY0811.5: #REF!
Name FY0812.1: #REF!
Name FY0821.0: #REF!
Name FY0822.0: #REF!
Name FY0823.1: #REF!
Name FY0823.2: #REF!
Name FY0823.3: #REF!
Name FY0824.0: #REF!
Name FY0825.2: #REF!
Name FY0825.3: #REF!
Name FY0825.6: #REF!
Name FY0826.0: #REF!
Name FY0831.0: #REF!
Name FY0832.0: #REF!
Name FY08Ling: #REF!
Name FY08Mult: #REF!
Name FY08PEPI: #REF!
Name FY08Tot: #REF!
Name FY08Train: #REF!
Name FY0911.1: #REF!
Name FY0911.5: #REF!
Name FY0912.1: #REF!
Name FY0921.0: #REF!
Name FY0922.0: #REF!

Sheet B. Summ of Req.
A1: Summary of Requirements | E1: end of line
A2: Office on Violence Against Women | E2: end of line
A3: Grant Programs | E3: end of line
A4: (Dollars in Thousands) | E4: end of line
E5: end of line
B6: FY 2014 Request | E6: end of line
B7: Direct Pos. | C7: Estimate FTE | D7: Amount | E7: end of line
A8: 2012 Enacted | B8: 0 | C8: 0 | D8: 412500 | E8: end of line
A9: 2012 Balance Rescission (if applicable) | D9: -15000 | E9: end of line
A10: Total 2012 Enacted (with Balance Rescission) | B10: =SUM(B8:B9) -> 0 | C10: =SUM(C8:C9) -> 0 | D10: =SUM(D8:D9) -> 397500 | E10: end of line
A12: 2013 Continuing Resolution | D12: 412500 | E12: end of line
A13: 2013 CR 0.612% Increase | D13: 2525
A14: 2013 Supplemental Appropriation - Sandy Hurricane Relief | D14: 0 | E14: end of line
A15: Total 2013 Continuing Resolution (with Balance Rescission and Supplemental) | B15: =SUM(B13:B14)+B10 -> 0 | C15: =SUM(C13:C14)+C10 -> 0 | D15: =SUM(D13:D14)+D10 -> 400025 | E15: end of line
E16: end of line
A17: Technical Adjustments | E17: end of line
A18: Supplemental Adjustment - Sandy Hurricane Relief | B18: 0 | C18: 0 | D18: 0 | E18: end of line
A19: Restoration of 2013 Rescission | D19: 15000 | E19: end of line
A20: Adjustment - 2013 CR 0.612% | D20: -2525 | E20: end of line
A21: [List all - if applicable] | B21: 0 | C21: 0 | D21: 0 | E21: end of line
A22: Total Technical Adjustments | B22: =SUM(B18:B21) -> 0 | C22: =SUM(C18:C21) -> 0 | D22: =SUM(D18:D21) -> 12475 | E22: end of line
A23: Base Adjustments | E23: end of line
A24: Transfers: | E24: end of line
A25: [List all - if applicable] | B25: 0 | C25: 0 | D25: 0 | E25: end of line
A26: Pay and Benefits | B26: 0 | C26: 0 | D26: 0 | E26: end of line
A27: Domestic Rent and Facilities | B27: 0 | C27: 0 | D27: 0 | E27: end of line
A28: Other Adjustments | B28: 0 | C28: 0 | D28: 0 | E28: end of line
A29: Foreign Expenses | B29: 0 | C29: 0 | D29: 0 | E29: end of line
A30: Prison and Detention | B30: 0 | C30: 0 | D30: 0 | E30: end of line
A31: Non-Personnel Related Decreases | E31: end of line
A32: [List all - if applicable] | B32: 0 | C32: 0 | D32: 0 | E32: end of line
A33: Total Base Adjustments | B33: =SUM(B25:B32) -> 0 | C33: =SUM(C25:C32) -> 0 | D33: =SUM(D25:D32) -> 0 | E33: end of line
A34: Total Technical and Base Adjustments | B34: =B33+B22 -> 0 | C34: =C33+C22 -> 0 | D34: =D33+D22 -> 12475 | E34: end of line
A35: 2014 Current Services | B35: =B15+B34 -> 0 | C35: =C15+C34 -> 0 | D35: =D15+D34 -> 412500 | E35: end of line
A36: Program Changes | E36: end of line
A37: Increases: | E37: end of line
A38: Rural Domestic Violence & Child Abuse Enforcement Assistance | B38: 0 | C38: 0 | D38: 3500 | E38: end of line
A39: Safe Haven & Court Training/Enhancing Safety for Victims and Their Children in a Family Matter | B39: 0 | C39: 0 | D39: 16000 | E39: end of line
A40: Increase 3 | B40: 0 | C40: 0 | D40: 0 | E40: end of line
A41: Subtotal, Increases | B41: =SUM(B38:B40) -> 0 | C41: =SUM(C38:C40) -> 0 | D41: =SUM(D38:D40) -> 19500 | E41: end of line
A42: Offsets: | E42: end of line
A43: Transitional Housing | B43: 0 | C43: 0 | D43: -3000 | E43: end of line
A44: Safe Haven Program | B44: 0 | C44: 0 | D44: -11500 | E44: end of line
A45: Court Training Program | D45: -4500 | E45: end of line
A46: National Resource Center on Workplace Responses | B46: 0 | C46: 0 | D46: -500 | E46: end of line
A47: Subtotal, Offsets | B47: =SUM(B43:B46) -> 0 | C47: =SUM(C43:C46) -> 0 | D47: =SUM(D43:D46) -> -19500 | E47: end of line
A48: Total Program Changes | B48: =B41+B47 -> 0 | C48: =C41+C47 -> 0 | D48: =D41+D47 -> 0 | E48: end of line
A49: 2014 Total Request | B49: =B35+B48 -> 0 | C49: =C35+C48 -> 0 | D49: =D35+D48 -> 412500 | E49: end of line
A50: 2014 Balance Rescission [if applicable] | D50: -6200 | E50: end of line
A51: 2014 Total Request (with Balance Rescission) | B51: =SUM(B49:B50) -> 0 | C51: =SUM(C49:C50) -> 0 | D51: =SUM(D49:D50) -> 406300 | E51: end of line
A52: 2012 - 2014 Total Change without Rescission | B52: =B49-B10 -> 0 | C52: =C49-C10 -> 0 | D52: =D8-D49 -> 0 | E52: end of line
E53: end of line
A54: Note: The FTE for FY 2012 is actual and for FY 2013 and FY 2014 are estimates. | E54: end of line
E55: end of sheet

Sheet B. Summ of Req. by DU
A1: Summary of Requirements | N1: end of line
A2: ='B. Summ of Req.'!A2:D2 -> Office on Violence Against Women | N2: end of line
A3: ='B. Summ of Req.'!A3:D3 -> Grant Programs | N3: end of line
A4: (Dollars in Thousands) | N4: end of line
N5: end of line
N6: end of line
A7: Program Activity | B7: 2012 Appropriation Enacted | E7: 2013 Continuing Resolution * | H7: 2014 Technical and Base Adjustments | K7: 2014 Current Services | N7: end of line
B8: Direct Pos. | C8: Actual FTE | D8: Amount | E8: Direct Pos. | F8: Est. FTE | G8: Amount | H8: Direct Pos. | I8: Est. FTE | J8: Amount | K8: Direct Pos. | L8: Est. FTE | M8: Amount | N8: end of line
A9: Prevention and Prosecution of Violence Against Women | N9: end of line
A10: STOP Program | B10: 0 | C10: 0 | D10: 189000 | E10: 0 | F10: 0 | G10: 190157 | H10: 0 | I10: 0 | J10: =D10-G10 -> -1157 | K10: =E10+H10 -> 0 | L10: =F10+I10 -> 0 | M10: =G10+J10 -> 189000 | N10: end of line
A11: Transitional Housing | B11: 0 | C11: 0 | D11: 25000 | E11: 0 | F11: 0 | G11: 25153 | H11: 0 | I11: 0 | J11: =D11-G11 -> -153 | K11: =E11+H11 -> 0 | L11: =F11+I11 -> 0 | M11: =G11+J11 -> 25000 | N11: end of line
A12: NIJ Research & Development | B12: 0 | C12: 0 | D12: 3000 | E12: 0 | F12: 0 | G12: 3018 | H12: 0 | I12: 0 | J12: =D12-G12 -> -18 | K12: =E12+H12 -> 0 | L12: =F12+I12 -> 0 | M12: =G12+J12 -> 3000 | N12: end of line
A13: Arrest Program | B13: 0 | C13: 0 | D13: 50000 | E13: 0 | F13: 0 | G13: 50306 | H13: 0 | I13: 0 | J13: =D13-G13 -> -306 | K13: =E13+H13 -> 0 | L13: =F13+I13 -> 0 | M13: =G13+J13 -> 50000 | N13: end of line
A14: Sexual Assault Svcs Program | B14: 0 | C14: 0 | D14: 23000 | E14: 0 | F14: 0 | G14: 23141 | H14: 0 | I14: 0 | J14: =D14-G14 -> -141 | K14: =E14+H14 -> 0 | L14: =F14+I14 -> 0 | M14: =G14+J14 -> 23000 | N14: end of line
A15: Homicide Reduction Initiative | B15: 0 | C15: 0 | D15: [4,000] | E15: 0 | F15: 0 | G15: [4,000] | H15: 0 | I15: 0 | J15: 0 | K15: =E15+H15 -> 0 | L15: =F15+I15 -> 0 | M15: [4,000] | N15: end of line
A16: Rural Program | B16: 0 | C16: 0 | D16: 34000 | E16: 0 | F16: 0 | G16: 34208 | H16: 0 | I16: 0 | J16: =D16-G16 -> -208 | K16: =E16+H16 -> 0 | L16: =F16+I16 -> 0 | M16: =G16+J16 -> 34000 | N16: end of line
A17: Campus Program | B17: 0 | C17: 0 | D17: 9000 | E17: 0 | F17: 0 | G17: 9055 | H17: 0 | I17: 0 | J17: =D17-G17 -> -55 | K17: =E17+H17 -> 0 | L17: =F17+I17 -> 0 | M17: =G17+J17 -> 9000 | N17: end of line
A18: Legal Assistance to Victims (LAV) | B18: 0 | C18: 0 | D18: 41000 | E18: 0 | F18: 0 | G18: 41251 | H18: 0 | I18: 0 | J18: =D18-G18 -> -251 | K18: =E18+H18 -> 0 | L18: =F18+I18 -> 0 | M18: =G18+J18 -> 41000 | N18: end of line
A19: Abuse in Later Life Program | B19: 0 | C19: 0 | D19: 4250 | E19: 0 | F19: 0 | G19: 4276 | H19: 0 | I19: 0 | J19: =D19-G19 -> -26 | K19: =E19+H19 -> 0 | L19: =F19+I19 -> 0 | M19: =G19+J19 -> 4250 | N19: end of line
A20: Enhancing Safety for Victims and Their Children in a Family Matter | B20: 0 | C20: 0 | D20: 0 | E20: 0 | F20: 0 | G20: 0 | H20: 0 | I20: 0 | J20: 0 | K20: =E20+H20 -> 0 | L20: =F20+I20 -> 0 | M20: =G20+J20 -> 0 | N20: end of line
A21: Safe Havens: Supervised Visitation Program | B21: 0 | C21: 0 | D21: 11500 | E21: 0 | F21: 0 | G21: 11570 | H21: 0 | I21: 0 | J21: =D21-G21 -> -70 | K21: =E21+H21 -> 0 | L21: =F21+I21 -> 0 | M21: =G21+J21 -> 11500 | N21: end of line
A22: Disabilities Program | B22: 0 | C22: 0 | D22: 5750 | E22: 0 | F22: 0 | G22: 5785 | H22: 0 | I22: 0 | J22: =D22-G22 -> -35 | K22: =E22+H22 -> 0 | L22: =F22+I22 -> 0 | M22: =G22+J22 -> 5750 | N22: end of line
A23: Consolidated Grants Program | B23: 0 | C23: 0 | D23: 10000 | E23: 0 | F23: 0 | G23: 10061 | H23: 0 | I23: 0 | J23: =D23-G23 -> -61 | K23: =E23+H23 -> 0 | L23: =F23+I23 -> 0 | M23: =G23+J23 -> 10000 | N23: end of line
A24: Engaging Men & Youth Program | B24: 0 | C24: 0 | D24: 0 | E24: 0 | F24: 0 | G24: 0 | H24: 0 | I24: 0 | J24: 0 | K24: =E24+H24 -> 0 | L24: =F24+I24 -> 0 | M24: =G24+J24 -> 0 | N24: end of line
A25: Supporting Teens Through Education | B25: 0 | C25: 0 | D25: 0 | E25: 0 | F25: 0 | G25: 0 | H25: 0 | I25: 0 | J25: 0 | K25: =E25+H25 -> 0 | L25: =F25+I25 -> 0 | M25: =G25+J25 -> 0 | N25: end of line
A26: Children & Youth Exposed | B26: 0 | C26: 0 | D26: 0 | E26: 0 | F26: 0 | G26: 0 | H26: 0 | I26: 0 | J26: 0 | K26: =E26+H26 -> 0 | L26: =F26+I26 -> 0 | M26: =G26+J26 -> 0 | N26: end of line
A27: Youth Advocacy | B27: 0 | C27: 0 | D27: 0 | E27: 0 | F27: 0 | G27: 0 | H27: 0 | I27: 0 | J27: 0 | K27: =E27+H27 -> 0 | L27: =F27+I27 -> 0 | M27: =G27+J27 -> 0 | N27: end of line
A28: Court Training & Improvement | B28: 0 | C28: 0 | D28: 4500 | E28: 0 | F28: 0 | G28: 4528 | H28: 0 | I28: 0 | J28: =D28-G28 -> -28 | K28: =E28+H28 -> 0 | L28: =F28+I28 -> 0 | M28: =G28+J28 -> 4500 | N28: end of line
A29: Sexual Assault Clearing House - Indian Country | B29: 0 | C29: 0 | D29: 500 | E29: 0 | F29: 0 | G29: 503 | H29: 0 | I29: 0 | J29: =D29-G29 -> -3 | K29: =E29+H29 -> 0 | L29: =F29+I29 -> 0 | M29: =G29+J29 -> 500 | N29: end of line
A30: Indian Women - Analysis & Research | B30: 0 | C30: 0 | D30: 1000 | E30: 0 | F30: 0 | G30: 1006.5 | H30: 0 | I30: 0 | J30: =D30-G30 -> -6.5 | K30: =E30+H30 -> 0 | L30: =F30+I30 -> 0 | M30: =G30+J30 -> 1000 | N30: end of line
A31: National Resource Center - Workplace Response | B31: 0 | C31: 0 | D31: 1000 | E31: 0 | F31: 0 | G31: 1006 | H31: 0 | I31: 0 | J31: =D31-G31 -> -6 | K31: =E31+H31 -> 0 | L31: =F31+I31 -> 0 | M31: =G31+J31 -> 1000 | N31: end of line
A32: Tribal Government Grants Program | B32: 0 | C32: 0 | D32: [35,270] | E32: 0 | F32: 0 | G32: [35,320] | H32: 0 | I32: 0 | J32: 0 | K32: =E32+H32 -> 0 | L32: =F32+I32 -> 0 | M32: 0 | N32: end of line
A33: Tribal Coalition Grants | B33: 0 | C33: 0 | D33: [3,605] | E33: 0 | F33: 0 | G33: [3,605] | H33: 0 | I33: 0 | J33: 0 | K33: 0 | L33: 0 | M33: 0
A34: OVW Set-Aside for Research and Evaluation -- 2% of discr funds | B34: 0 | C34: 0 | D34: 0 | E34: 0 | F34: 0 | H34: 0 | I34: 0 | J34: 0 | K34: =E34+H34 -> 0 | L34: =F34+I34 -> 0 | M34: [4,030] | N34: end of line
A35: Total Direct | B35: =SUM(B9:B34) -> 0 | C35: =SUM(C9:C34) -> 0 | D35: =SUM(D9:D34) -> 412500 | E35: =SUM(E9:E34) -> 0 | F35: =SUM(F9:F34) -> 0 | G35: =SUM(G9:G34) -> 415024.5 | H35: =SUM(H9:H34) -> 0 | I35: =SUM(I9:I34) -> 0 | ... M35: =SUM(M9:M34) -> 412500 | N35: end of line
A36: Balance Rescission | D36: -15000 | G36: -15000 | J36: 15000 | M36: =G36+J36 -> 0 | N36: end of line
A37: Restoration of 2012 Rescission | J37: 0 | M37: =G37+J37 -> 0 | N37: end of line
A38: Total Direct with Rescission | D38: =SUM(D35:D36) -> 397500 | G38: =SUM(G35:G36) -> 400024.5 | J38: =SUM(J35:J37) -> 12475.5 | M38: =G38+J38 -> 412500 | N38: end of line
A39: Reimbursable FTE | C39: 0 | F39: 0 | I39: 0 | L39: =F39+I39 -> 0 | N39: end of line
A40: Total Direct and Reimb. FTE | C40: =C35+C39 -> 0 | F40: =F35+F39 -> 0 | I40: =I35+I39 -> 0 | L40: =F40+I40 -> 0 | N40: end of line
N41: end of line
A42: Other FTE: | N42: end of line
A43: LEAP | C43: 0 | F43: 0 | I43: 0 | L43: =F43+I43 -> 0 | N43: end of line
A44: Overtime | C44: 0 | F44: 0 | I44: 0 | L44: =F44+I44 -> 0 | N44: end of line
A45: Grand Total, FTE | C45: =C40+C43+C44 -> 0 | F45: =F40+F43+F44 -> 0 | I45: =I40+I43+I44 -> 0 | L45: =F45+I45 -> 0 | N45: end of line
N46: end of line
A47: Program Activity | B47: 2014 Increases | E47: 2014 Offsets | H47: 2014 Request | N47: end of line
B48: Direct Pos. | C48: Est. FTE | D48: Amount | E48: Direct Pos. | F48: Est. FTE | G48: Amount | H48: Direct Pos. | I48: Est. FTE | J48: Amount | N48: end of line
A49: Prevention and Prosecution of Violence Against Women | N49: end of line
A50: STOP Program | B50: 0 | C50: 0 | D50: 0 | E50: 0 | F50: 0 | G50: 0 | H50: 0 | I50: 0 | J50: =M10+D50+G50 -> 189000 | N50: end of line
A51: Transitional Housing | B51: 0 | C51: 0 | D51: 0 | E51: 0 | F51: 0 | G51: -3000 | H51: 0 | I51: 0 | J51: =M11+D51+G51 -> 22000 | N51: end of line
A52: NIJ Research & Development | B52: 0 | C52: 0 | D52: 0 | E52: 0 | F52: 0 | G52: 0 | H52: 0 | I52: 0 | J52: =M12+D52+G52 -> 3000 | N52: end of line
A53: Arrest Program | B53: 0 | C53: 0 | D53: 0 | E53: 0 | F53: 0 | G53: 0 | H53: 0 | I53: 0 | J53: =M13+D53+G53 -> 50000 | N53: end of line
A54: Sexual Assault Svcs Program | B54: 0 | C54: 0 | D54: 0 | E54: 0 | F54: 0 | G54: 0 | H54: 0 | I54: 0 | J54: =M14+D54+G54 -> 23000 | N54: end of line
A55: Homicide Reduction Initiative | B55: 0 | C55: 0 | D55: 0 | E55: 0 | F55: 0 | G55: 0 | H55: 0 | I55: 0 | J55: =M15 -> [4,000] | N55: end of line
A56: Rural Program | B56: 0 | C56: 0 | D56: 3500 | E56: 0 | F56: 0 | G56: 0 | H56: 0 | I56: 0 | J56: =M16+D56+G56 -> 37500 | N56: end of line
A57: Campus Program | B57: 0 | C57: 0 | D57: 0 | E57: 0 | F57: 0 | G57: 0 | H57: 0 | I57: 0 | J57: =M17+D57+G57 -> 9000 | N57: end of line
A58: Legal Assistance to Victims (LAV) | B58: 0 | C58: 0 | D58: 0 | E58: 0 | F58: 0 | G58: 0 | H58: 0 | I58: 0 | J58: =M18+D58+G58 -> 41000 | N58: end of line
A59: Abuse in Later Life Program | B59: 0 | C59: 0 | D59: 0 | E59: 0 | F59: 0 | G59: 0 | H59: 0 | I59: 0 | J59: =M19+D59+G59 -> 4250 | N59: end of line
A60: Enhancing Safety for Victims and Their Children in a Family Matter | B60: 0 | C60: 0 | D60: 16000 | E60: 0 | F60: 0 | G60: 0 | H60: 0 | I60: 0 | J60: =M20+D60+G60 -> 16000 | N60: end of line
A61: Safe Havens: Supervised Visitation Program | B61: 0 | C61: 0 | D61: 0 | E61: 0 | F61: 0 | G61: -11500 | H61: 0 | I61: 0 | J61: =M21+D61+G61 -> 0 | N61: end of line
A62: Disabilities Program | B62: 0 | C62: 0 | D62: 0 | E62: 0 | F62: 0 | G62: 0 | H62: 0 | I62: 0 | J62: =M22+D62+G62 -> 5750 | N62: end of line
A63: Consolidated Grants Program | B63: 0 | C63: 0 | D63: 0 | E63: 0 | F63: 0 | G63: 0 | H63: 0 | I63: 0 | J63: =M23+D63+G63 -> 10000 | N63: end of line
A64: Engaging Men & Youth Program | B64: 0 | C64: 0 | D64: 0 | E64: 0 | F64: 0 | G64: 0 | H64: 0 | I64: 0 | J64: =M24+D64+G64 -> 0 | N64: end of line
A65: Supporting Teens Through Education | B65: 0 | C65: 0 | D65: 0 | E65: 0 | F65: 0 | G65: 0 | H65: 0 | I65: 0 | J65: =M25+D65+G65 -> 0 | N65: end of line
A66: Children & Youth Exposed | B66: 0 | C66: 0 | D66: 0 | E66: 0 | F66: 0 | G66: 0 | H66: 0 | I66: 0 | J66: =M26+D66+G66 -> 0 | N66: end of line
A67: Youth Advocacy | B67: 0 | C67: 0 | D67: 0 | E67: 0 | F67: 0 | G67: 0 | H67: 0 | I67: 0 | J67: =M27+D67+G67 -> 0 | N67: end of line
... A73: Tribal Coalition Grants | B73: 0 | C73: 0 | D73: 0 | E73: 0 | F73: 0 | G73: 0 | H73: 0 | I73: 0 | J73: =M33+D73+G73 -> 0 | N73: end of line
A74: OVW Set-Aside for Research and Evaluation -- 2% of discr funds | B74: 0 | C74: 0 | D74: 0 | E74: 0 | F74: 0 | G74: 0 | H74: 0 | I74: 0 | J74: [4,030] | N74: end of line
A75: Total Direct | B75: =SUM(B49:B74) -> 0 | C75: =SUM(C49:C74) -> 0 | D75: =SUM(D49:D74) -> 19500 | E75: =SUM(E49:E74) -> 0 | F75: =SUM(F49:F74) -> 0 | G75: =SUM(G49:G74) -> -19500 | H75: =SUM(H49:H74) -> 0 | I75: =SUM(I49:I74) -> 0 | J75: =SUM(J49:J74) -> 412500 | N75: end of line
A76: Balance Rescission | D76: 0 | G76: 0 | J76: -6200 | N76: end of line
A77: Total Direct with Rescission | D77: =SUM(D75:D76) -> 19500 | G77: =SUM(G75:G76) -> -19500 | J77: =SUM(J75:J76) -> 406300 | N77: end of line
A78: Reimbursable FTE | C78: 0 | F78: 0 | I78: =L39+C78+F78 -> 0 | N78: end of line
A79: Total Direct and Reimb. FTE | C79: =C75+C78 -> 0 | F79: =F75+F78 -> 0 | I79: =L40+C79+F79 -> 0 | N79: end of line
I80: =L41+C80+F80 -> 0 | N80: end of line
A81: Other FTE: | I81: =L42+C81+F81 -> 0 | N81: end of line
A82: LEAP | C82: 0 | F82: 0 | I82: =L43+C82+F82 -> 0 | N82: end of line
A83: Overtime | C83: 0 | F83: 0 | I83: =L44+C83+F83 -> 0 | N83: end of line
A84: Grand Total, FTE | C84: =C79+C82+C83 -> 0 | F84: =F79+F82+F83 -> 0 | I84: =L45+C84+F84 -> 0 | N84: end of line
A85: *The 2013 Continuing Resolution includes the 0.612% funding provided by the Continuing Appropriations Resolution, 2013 (P.L. 112-175, Section 101(c)). | N85: end of line
N86: end of sheet

Sheet C. Program Changes by DU
A1: FY 2014 Program Increases/Offsets by Decision Unit | O1: end of line
A2: ='B. Summ of Req.'!A2:D2 -> Office on Violence Against Women | O2: end of line
A3: ='B. Summ of Req.'!A3:D3 -> Grant Programs | O3: end of line
A4: (Dollars in Thousands) | O4: end of line
O5: end of line
A6: Program Increases | B6: Location of Description by Program Activity | G6: Decision Unit 2 | O6: end of line
C7: Direct Pos. | D7: Agt./ Atty. | E7: Est. FTE | F7: Amount | G7: Direct Pos. | H7: Agt./ Atty. | I7: Est. FTE | J7: Amount | O7: end of line
A8: Increase 1 | C8: 0 | D8: 0 | E8: 0 | F8: 0 | G8: 0 | H8: 0 | I8: 0 | J8: 0 | O8: end of line
A9: Increase 2 | C9: 0 | D9: 0 | E9: 0 | F9: 0 | G9: 0 | H9: 0 | I9: 0 | J9: 0 | O9: end of line
A10: Increase 3 | C10: 0 | D10: 0 | E10: 0 | F10: 0 | G10: 0 | H10: 0 | I10: 0 | J10: 0 | O10: end of line
A11: Increase 4 | C11: 0 | D11: 0 | E11: 0 | F11: 0 | G11: 0 | H11: 0 | I11: 0 | J11: 0 | O11: end of line
A12: Total Program Increases | C12: =SUM(C8:C11) -> 0 | D12: =SUM(D8:D11) -> 0 | E12: =SUM(E8:E11) -> 0 | F12: =SUM(F8:F11) -> 0 | G12: =SUM(G8:G11) -> 0 | H12: =SUM(H8:H11) -> 0 | I12: =SUM(I8:I11) -> 0 | J12: =SUM(J8:J11) -> 0 | O12: end of line
O13: end of line
A14: Program Increases | B14: Location of Description by Program Activity | C14: Prevention and Prosecution of Violence Against Women | G14: Decision Unit 4 | K14: Total Increases | O14: end of line
C15: Direct Pos. | D15: Agt./ Atty. | E15: Est. FTE | F15: Amount | G15: Direct Pos. | H15: Agt./ Atty. | I15: Est. FTE | J15: Amount | K15: Direct Pos. | L15: Agt./ Atty. | M15: Est. FTE | N15: Amount | O15: end of line
A16: ='B. Summ of Req.'!A39 -> Safe Haven & Court Training/Enhancing Safety for Victims and Their Children in a Family Matter | C16: 0 | D16: 0 | E16: 0 | F16: 3500 | G16: 0 | H16: 0 | I16: 0 | J16: 0 | K16: =C8+G8+C16+G16 -> 0 | L16: =D8+H8+D16+H16 -> 0 | M16: =E8+I8+E16+I16 -> 0 | N16: =F8+J8+F16+J16 -> 3500 | O16: end of line
A17: ='B. Summ of Req.'!A38 -> Rural Domestic Violence & Child Abuse Enforcement Assistance | C17: 0 | D17: 0 | E17: 0 | F17: 16000 | G17: 0 | H17: 0 | I17: 0 | J17: 0 | K17: =C9+G9+C17+G17 -> 0 | L17: =D9+H9+D17+H17 -> 0 | M17: =E9+I9+E17+I17 -> 0 | N17: =F9+J9+F17+J17 -> 16000 | O17: end of line
A18: OVW Set-Aside for Research and Evaluation -- 2% of discr funds | C18: 0 | D18: 0 | E18: 0 | F18: [4,030] | G18: 0 | H18: 0 | I18: 0 | J18: 0 | K18: =C10+G10+C18+G18 -> 0 | L18: =D10+H10+D18+H18 -> 0 | M18: =E10+I10+E18+I18 -> 0 | N18: 0 | O18: end of line
A19: Increase 4 | C19: 0 | D19: 0 | E19: 0 | F19: 0 | G19: 0 | H19: 0 | I19: 0 | J19: 0 | K19: =C11+G11+C19+G19 -> 0 | L19: =D11+H11+D19+H19 -> 0 | M19: =E11+I11+E19+I19 -> 0 | N19: =F11+J11+F19+J19 -> 0 | O19: end of line
A20: Total Program Increases | C20: =SUM(C16:C19) -> 0 | D20: =SUM(D16:D19) -> 0 | E20: =SUM(E16:E19) -> 0 | F20: =SUM(F16:F19) -> 19500 | G20: =SUM(G16:G19) -> 0 | H20: =SUM(H16:H19) -> 0 | I20: =SUM(I16:I19) -> 0 | J20: =SUM(J16:J19) -> 0 | ... N20: =SUM(N16:N19) -> 19500 | O20: end of line
O21: end of line
A22: Program Offsets | B22: Location of Description by Program Activity | C22: Decision Unit 1 | G22: Decision Unit 2 | O22: end of line
C23: Direct Pos. | D23: Agt./ Atty. | E23: Est. FTE | F23: Amount | G23: Direct Pos. | H23: Agt./ Atty. | I23: Est. FTE | J23: Amount | O23: end of line
A24: Offset 1 | C24: 0 | D24: 0 | E24: 0 | F24: 0 | G24: 0 | H24: 0 | I24: 0 | J24: 0 | O24: end of line
A25: Offset 2 | C25: 0 | D25: 0 | E25: 0 | F25: 0 | G25: 0 | H25: 0 | I25: 0 | J25: 0 | O25: end of line
A26: Offset 3 | C26: 0 | D26: 0 | E26: 0 | F26: 0 | G26: 0 | H26: 0 | I26: 0 | J26: 0 | O26: end of line
A27: Offset 4 | C27: 0 | D27: 0 | E27: 0 | F27: 0 | G27: 0 | H27: 0 | I27: 0 | J27: 0 | O27: end of line
A28: Total Program Offsets | C28: =SUM(C24:C27) -> 0 | D28: =SUM(D24:D27) -> 0 | E28: =SUM(E24:E27) -> 0 | F28: =SUM(F24:F27) -> 0 | G28: =SUM(G24:G27) -> 0 | H28: =SUM(H24:H27) -> 0 | I28: =SUM(I24:I27) -> 0 | J28: =SUM(J24:J27) -> 0 | O28: end of line
O29: end of line
A30: Program Offsets | B30: Location of Description by Program Activity | C30: Prevention and Prosecution of Violence Against Women | G30: Decision Unit 4 | K30: Total Offsets | O30: end of line
C31: Direct Pos. | D31: Agt./ Atty. | E31: Est. FTE | F31: Amount | G31: Direct Pos. | H31: Agt./ Atty. | I31: Est. FTE | J31: Amount | K31: Direct Pos. | L31: Agt./ Atty. | M31: Est. FTE | N31: Amount | O31: end of line
A32: ='B. Summ of Req.'!A43 -> Transitional Housing | C32: 0 | D32: 0 | E32: 0 | F32: -3000 | G32: 0 | H32: 0 | I32: 0 | J32: 0 | K32: =C24+G24+C32+G32 -> 0 | L32: =D24+H24+D32+H32 -> 0 | M32: =E24+I24+E32+I32 -> 0 | N32: =F24+J24+F32+J32 -> -3000 | O32: end of line
A33: ='B. Summ of Req.'!A44 -> Safe Haven Program | C33: 0 | D33: 0 | E33: 0 | F33: -11500 | G33: 0 | H33: 0 | I33: 0 | J33: 0 | K33: =C25+G25+C33+G33 -> 0 | L33: =D25+H25+D33+H33 -> 0 | M33: =E25+I25+E33+I33 -> 0 | N33: =F25+J25+F33+J33 -> -11500 | O33: end of line
A34: ='B. Summ of Req.'!A45 -> Court Training Program | C34: 0 | D34: 0 | E34: 0 | F34: -4500 | G34: 0 | H34: 0 | I34: 0 | J34: 0 | K34: =C26+G26+C34+G34 -> 0 | L34: =D26+H26+D34+H34 -> 0 | M34: =E26+I26+E34+I34 -> 0 | N34: =F26+J26+F34+J34 -> -4500 | O34: end of line
A35: ='B. Summ of Req.'!A46 -> National Resource Center on Workplace Responses | C35: 0 | D35: 0 | E35: 0 | F35: -500 | G35: 0 | H35: 0 | I35: 0 | J35: 0 | K35: =C27+G27+C35+G35 -> 0 | L35: =D27+H27+D35+H35 -> 0 | M35: =E27+I27+E35+I35 -> 0 | N35: =F27+J27+F35+J35 -> -500 | O35: end of line
A36: Total Program Offsets | C36: =SUM(C32:C35) -> 0 | D36: =SUM(D32:D35) -> 0 | E36: =SUM(E32:E35) -> 0 | F36: =SUM(F32:F35) -> -19500 | G36: =SUM(G32:G35) -> 0 | H36: =SUM(H32:H35) -> 0 | I36: =SUM(I32:I35) -> 0 | J36: =SUM(J32:J35) -> 0 | ... N36: =SUM(N32:N35) -> -19500 | O36: end of line
O37: end of sheet

Sheet C. Program Changes by DU (2)
A1: FY 2014 Program Increases/Offsets by Decision Unit | O1: end of line | Q1: General Instructions
A2: ='B. Summ of Req.'!A2:D2 -> Office on Violence Against Women | O2: end of line | Q2: Several versions of exhibit C are created for as example for components with different numbers of DU.
A3: ='B. Summ of Req.'!A3:D3 -> Grant Programs | O3: end of line | Q3: Please modify the number of columns depending on number of DU. Please make sure that the display is legible.
A4: (Dollars in Thousands) | O4: end of line
O5: end of line
O6: end of line | Q6: Identify the DU under which the discussion of the program change is located within the budget submission in column B.
A7: Program Increases | B7: Location of Description by Program Activity | C7: Decision Unit 1 | G7: Decision Unit 2 | K7: Total Increases | O7: end of line
C8: Direct Pos. | D8: Agt./ Atty. | E8: Est. FTE | F8: Amount | G8: Direct Pos. | H8: Agt./ Atty. | I8: Est. FTE | J8: Amount | K8: Direct Pos. | L8: Agt./ Atty. | M8: Est. FTE | N8: Amount | O8: end of line
A9: Increase 1 | C9: 0 | D9: 0 | E9: 0 | F9: 0 | G9: 0 | H9: 0 | I9: 0 | J9: 0 | K9: =C9+G9 -> 0 | L9: =D9+H9 -> 0 | M9: =E9+I9 -> 0 | N9: =F9+J9 -> 0 | O9: end of line | Q9: Program Increases must agree with Exhibit B by DU and exhibit J.
A10: Increase 2 | C10: 0 | D10: 0 | E10: 0 | F10: 0 | G10: 0 | H10: 0 | I10: 0 | J10: 0 | K10: =C10+G10 -> 0 | L10: =D10+H10 -> 0 | M10: =E10+I10 -> 0 | N10: =F10+J10 -> 0 | O10: end of line | Q10: Positions, Agents/Attorneys must agree with exhibits I, J, and K.
A11: Increase 3 | C11: 0 | D11: 0 | E11: 0 | F11: 0 | G11: 0 | H11: 0 | I11: 0 | J11: 0 | K11: =C11+G11 -> 0 | L11: =D11+H11 -> 0 | M11: =E11+I11 -> 0 | N11: =F11+J11 -> 0 | O11: end of line
A12: Increase 4 | C12: 0 | D12: 0 | E12: 0 | F12: 0 | G12: 0 | H12: 0 | I12: 0 | J12: 0 | K12: =C12+G12 -> 0 | L12: =D12+H12 -> 0 | M12: =E12+I12 -> 0 | N12: =F12+J12 -> 0 | O12: end of line
A13: Total Program Increases | C13: =SUM(C9:C12) -> 0 | D13: =SUM(D9:D12) -> 0 | E13: =SUM(E9:E12) -> 0 | F13: =SUM(F9:F12) -> 0 | G13: =SUM(G9:G12) -> 0 | H13: =SUM(H9:H12) -> 0 | I13: =SUM(I9:I12) -> 0 | J13: =SUM(J9:J12) -> 0 | ... N13: =SUM(N9:N12) -> 0 | O13: end of line
O14: end of line
A15: Program Offsets | B15: Location of Description by Program Activity | C15: Decision Unit 1 | G15: Decision Unit 2 | K15: Total Offsets | O15: end of line
C16: Direct Pos. | D16: Agt./ Atty. | E16: Est. FTE | F16: Amount | G16: Direct Pos. | H16: Agt./ Atty. | I16: Est. FTE | J16: Amount | K16: Direct Pos. | L16: Agt./ Atty. | M16: Est. FTE | N16: Amount | O16: end of line
A17: Offset 1 | C17: 0 | D17: 0 | E17: 0 | F17: 0 | G17: 0 | H17: 0 | I17: 0 | J17: 0 | K17: =C17+G17 -> 0 | L17: =D17+H17 -> 0 | M17: =E17+I17 -> 0 | N17: =F17+J17 -> 0 | O17: end of line | Q17: Program Offsets must agree with Exhibit B by DU and exhibit J.
A18: Offset 2 | C18: 0 | D18: 0 | E18: 0 | F18: 0 | G18: 0 | H18: 0 | I18: 0 | J18: 0 | K18: =C18+G18 -> 0 | L18: =D18+H18 -> 0 | M18: =E18+I18 -> 0 | N18: =F18+J18 -> 0 | O18: end of line | Q18: Positions, Agents/Attorneys must agree with exhibits I, J, and K.
A19: Offset 3 | C19: 0 | D19: 0 | E19: 0 | F19: 0 | G19: 0 | H19: 0 | I19: 0 | J19: 0 | K19: =C19+G19 -> 0 | L19: =D19+H19 -> 0 | M19: =E19+I19 -> 0 | N19: =F19+J19 -> 0 | O19: end of line
A20: Offset 4 | C20: 0 | D20: 0 | E20: 0 | F20: 0 | G20: 0 | H20: 0 | I20: 0 | J20: 0 | K20: =C20+G20 -> 0 | L20: =D20+H20 -> 0 | M20: =E20+I20 -> 0 | N20: =F20+J20 -> 0 | O20: end of line
A21: Total Program Offsets | C21: =SUM(C17:C20) -> 0 | D21: =SUM(D17:D20) -> 0 | E21: =SUM(E17:E20) -> 0 | F21: =SUM(F17:F20) -> 0 | G21: =SUM(G17:G20) -> 0 | H21: =SUM(H17:H20) -> 0 | I21: =SUM(I17:I20) -> 0 | J21: =SUM(J17:J20) -> 0 | ... N21: =SUM(N17:N20) -> 0 | O21: end of line
O22: end of sheet

Sheet D. Strategic Goals & Objectives
A1: Resources by Department of Justice Strategic Goal/Objective | O1: end of line
A2: ='B. Summ of Req.'!A2:D2 -> Office on Violence Against Women | O2: end of line
A3: ='B. Summ of Req.'!A3:D3 -> Grant Programs | O3: end of line
A4: (Dollars in Thousands) | O4: end of line
O5: end of line
O6: end of line
A7: Strategic Goal and Strategic Objective | C7: 2012 Appropriation Enacted | E7: 2013 Continuing Resolution * | G7: 2014 Current Services | I7: 2014 Increases | K7: 2014 Offsets | M7: 2014 Total Request | O7: end of line
C8: Direct/ Reimb FTE | D8: Direct Amount | E8: Direct/ Reimb FTE | F8: Direct Amount | G8: Direct/ Reimb FTE | H8: Direct Amount | I8: Direct/ Reimb FTE | J8: Direct Amount | K8: Direct/ Reimb FTE | L8: Direct Amount | M8: Direct/ Reimb FTE | N8: Direct Amount | O8: end of line
A9: Goal 1 | B9: Prevent Terrorism and Promote the Nation's Security Consistent with the Rule of Law | O9: end of line
A10: 1.1 | B10: Prevent, disrupt, and defeat terrorist operations before they occur. | C10: 0 | D10: 0 | E10: 0 | F10: 0 | G10: 0 | H10: 0 | I10: 0 | J10: 0 | K10: 0 | L10: 0 | M10: =G10+I10+K10 -> 0 | N10: =H10+J10+L10 -> 0 | O10: end of line
A11: 1.2 | B11: Prosecute those involved in terrorist acts. | C11: 0 | D11: 0 | E11: 0 | F11: 0 | G11: 0 | H11: 0 | I11: 0 | J11: 0 | K11: 0 | L11: 0 | M11: =G11+I11+K11 -> 0 | N11: =H11+J11+L11 -> 0 | O11: end of line
A12: 1.3 | B12: Combat espionage against the United States. | C12: 0 | D12: 0 | E12: 0 | F12: 0 | G12: 0 | H12: 0 | I12: 0 | J12: 0 | K12: 0 | L12: 0 | M12: =G12+I12+K12 -> 0 | N12: =H12+J12+L12 -> 0 | O12: end of line
B13: Subtotal, Goal 1 | C13: =SUM(C10:C12) -> 0 | D13: =SUM(D10:D12) -> 0 | E13: =SUM(E10:E12) -> 0 | F13: =SUM(F10:F12) -> 0 | G13: =SUM(G10:G12) -> 0 | H13: =SUM(H10:H12) -> 0 | I13: =SUM(I10:I12) -> 0 | J13: =SUM(J10:J12) -> 0 | ... N13: =SUM(N10:N12) -> 0 | O13: end of line
A14: Goal 2 | B14: Prevent Crime, Protect the Rights of the American People, and enforce Federal Law | O14: end of line
A15: 2.1 | B15: Combat the threat, incidence, and prevalence of violent crime. | C15: 0 | D15: 0 | E15: 0 | F15: 0 | G15: 0 | H15: 0 | I15: 0 | J15: 0 | K15: 0 | L15: -19500 | M15: =G15+I15+K15 -> 0 | N15: =H15+J15+L15 -> -19500 | O15: end of line
A16: 2.2 | B16: Prevent and intervene in crimes against vulnerable of violent crime. | C16: 0 | D16: 412500 | E16: 0 | F16: 415025 | G16: 0 | H16: 412500 | I16: 0 | J16: 19500 | K16: 0 | L16: 0 | M16: =G16+I16+K16 -> 0 | N16: =H16+J16+L16 -> 432000 | O16: end of line
A17: 2.3 | B17: Combat the threat, trafficking, and use of illegal drugs and the diversion of licit drugs. | C17: 0 | D17: 0 | E17: 0 | F17: 0 | G17: 0 | H17: 0 | I17: 0 | J17: 0 | K17: 0 | L17: 0 | M17: =G17+I17+K17 -> 0 | N17: =H17+J17+L17 -> 0 | O17: end of line
A18: 2.4 | B18: Combat corruption, economic crimes, and international organized crime. | C18: 0 | D18: 0 | E18: 0 | F18: 0 | G18: 0 | H18: 0 | I18: 0 | J18: 0 | K18: 0 | L18: 0 | M18: =G18+I18+K18 -> 0 | N18: =H18+J18+L18 -> 0 | O18: end of line
A19: 2.5 | B19: Promote and protect Americans' civil rights. | C19: 0 | D19: 0 | E19: 0 | F19: 0 | G19: 0 | H19: 0 | I19: 0 | J19: 0 | K19: 0 | L19: 0 | M19: =G19+I19+K19 -> 0 | N19: =H19+J19+L19 -> 0 | O19: end of line
A20: 2.6 | B20: Protect the federal fisc and defend the interests of the United States. | C20: 0 | D20: 0 | E20: 0 | F20: 0 | G20: 0 | H20: 0 | I20: 0 | J20: 0 | K20: 0 | L20: 0 | M20: =G20+I20+K20 -> 0 | N20: =H20+J20+L20 -> 0 | O20: end of line
B21: Subtotal, Goal 2 | C21: =SUM(C15:C20) -> 0 | D21: =SUM(D15:D20) -> 412500 | E21: =SUM(E15:E20) -> 0 | F21: =SUM(F15:F20) -> 415025 | G21: =SUM(G15:G20) -> 0 | H21: =SUM(H15:H20) -> 412500 | I21: =SUM(I15:I20) -> 0 | J21: =SUM(J15:J20) -> 19500 | ... N21: =SUM(N15:N20) -> 412500 | O21: end of line
A22: Goal 3 | B22: Ensure and Support the Fair, Impartial, Efficient, and Transparent Administration of Justice at the Federal, State, Local, Tribal and International Levels. | O22: end of line
A23: 3.1 | B23: Promote and Strengthen relationship and strategies for the administration of justice with state, local, tribal and international law enforcement. | C23: 0 | D23: 0 | E23: 0 | F23: 0 | G23: 0 | H23: 0 | I23: 0 | J23: 0 | K23: 0 | L23: 0 | M23: =G23+I23+K23 -> 0 | N23: =H23+J23+L23 -> 0 | O23: end of line
A24: 3.2 | B24: Protect judges, witnesses, and other participants in federal proceedings; apprehend fugitives; and ensure the appearance of criminal defendants for judicial proceedings or confinement. | C24: 0 | D24: 0 | E24: 0 | F24: 0 | G24: 0 | H24: 0 | I24: 0 | J24: 0 | K24: 0 | L24: 0 | M24: =G24+I24+K24 -> 0 | N24: =H24+J24+L24 -> 0 | O24: end of line
A25: 3.3 | B25: Provide for the safe, secure, humane, and cost-effective confinement of detainees awaiting trial and/or sentencing, and those of the custody of the Federal Prison System. | C25: 0 | D25: 0 | E25: 0 | F25: 0 | G25: 0 | H25: 0 | I25: 0 | J25: 0 | K25: 0 | L25: 0 | M25: =G25+I25+K25 -> 0 | N25: =H25+J25+L25 -> 0 | O25: end of line
A26: 3.4 | B26: Adjudicate all immigration cases promptly and impartially in accordance with due process. | C26: 0 | D26: 0 | E26: 0 | F26: 0 | G26: 0 | H26: 0 | I26: 0 | J26: 0 | K26: 0 | L26: 0 | M26: =G26+I26+K26 -> 0 | N26: =H26+J26+L26 -> 0 | O26: end of line
B27: Subtotal, Goal 3 | C27: =SUM(C23:C26) -> 0 | D27: =SUM(D23:D26) -> 0 | E27: =SUM(E23:E26) -> 0 | F27: =SUM(F23:F26) -> 0 | G27: =SUM(G23:G26) -> 0 | H27: =SUM(H23:H26) -> 0 | I27: =SUM(I23:I26) -> 0 | J27: =SUM(J23:J26) -> 0 | ... N27: =SUM(N23:N26) -> 0 | O27: end of line
B28: TOTAL | C28: =C27+C21+C13 -> 0 | D28: =D27+D21+D13 -> 412500 | E28: =E27+E21+E13 -> 0 | F28: =F27+F21+F13 -> 415025 | G28: =G27+G21+G13 -> 0 | H28: =H27+H21+H13 -> 412500 | I28: =I27+I21+I13 -> 0 | J28: =J27+J21+J13 -> 19500 | ... N28: =N27+N21+N13 -> 412500 | O28: end of line
O29: end of line
A30: Note: Excludes Balance Rescission and/or Supplemental Appropriations. | O30: end of line
O31: end of sheet
A32: *The 2013 Continuing Resolution includes the 0.612% funding provided by the Continuing Appropriations Resolution, 2013 (P.L. 112-175, Section 101 (c)).
B40: 7

Sheet E. ATB Justification
A1: Justifications for Technical and Base Adjustments | H1: end of line | J1: General Instructions
A2: ='B. Summ of Req.'!A2:D2 -> Office on Violence Against Women | H2: end of line
A3: ='B. Summ of Req.'!A3:D3 -> Grant Programs | H3: end of line | J3: Insert/delete rows as needed. Make sure total formula includes applicable rows in calculation.
A4: (Dollars in Thousands) | H4: end of line | J4: Do NOT change font, font size and other display settings.
H5: end of line | J5: ATB name should be underlined. Ctrl+Enter to go to the next line in the same cell to enter the ATB justification.
E6: Direct Pos. | F6: Estimate FTE | G6: Amount | H6: end of line | J6: CHECK LIST
B7: Technical Adjustments | H7: end of line
A8: 1 | B8: Adjustment - 2013 CR 0.612%: PL 112-175 section 101 (c) provided 0.612% across the board increase above the current rate for the 2013 CR funding level. This adjustment reverses this increase. | E8: 0 | F8: 0 | G8: 0 | H8: end of line
A10: 2 | B10: List and justify each item separately. Explanation should specifically explains the technical adjustment. | E10: 0 | F10: 0 | G10: 0 | H10: end of line
B11: Subtotal, Technical Adjustments | E11: =SUM(E8:E10) -> 0 | F11: =SUM(F8:F10) -> 0 | G11: =SUM(G8:G10) -> 0 | H11: end of line | J11: Does this section agree with exhibit B?
B12: Transfers | E12: 0 | F12: 0 | G12: 0 | H12: end of line
A13: 1 | B13: List and justify each item separately. Explanation should specifically explains reason, arithmetic calculations, and the current services to which each transfer applies. | E13: 0 | F13: 0 | G13: 0 | H13: end of line
A14: 2 | E14: 0 | F14: 0 | G14: 0 | H14: end of line
B15: Subtotal, Transfers | E15: =SUM(E13:E14) -> 0 | F15: =SUM(F13:F14) -> 0 | G15: =SUM(G13:G14) -> 0 | H15: end of line | J15: Does this section agree with exhibit B?
B16: Pay and Benefits | H16: end of line
A17: 1 | B17: 2014 Pay Raise: This request provides for a proposed 1 percent pay raise to be effective in January of 2014. The amount request, $______, represents the pay amounts for 3/4 of the fiscal year plus appropriate benefits ($______ for pay and $______ for benefits.)
G18: 0
A19: 2 | B19: Annualization of 2013 Pay Raise: This pay annualization represents first quarter amounts (October through December) of the 2013 pay increase of 0.5% included in the 2013 President's Budget. The amount requested $_______, represents the pay amounts for 1/4 of the fiscal year plus appropriate benefits ($ _________ for pay and $__________ for benefits).
G20: 0
A21: 3 | B21: Annualization of New Positions Approved in 2012: Personnel: This provides for the annualization of XXX new positions appropriated in 2012. Annualization of new positions extends up to 3 years to provide entry level funding in the first year, with a 1 or 2-year progression to a journeyman level. For 2012 increases, this request includes an increase of $_____for full-year payroll costs associated with these additional positions. Non-Personnel: This request includes a decrease of $______for one-time items associated with the new positions, for a net of +/-$____. | H21: end of line
E22: 0 | F22: 0 | G22: =D41 -> 0 | H22: end of line
C23: 2012 New Positions | D23: Annualization Required for 2014 | H23: end of line
B24: Annual Salary Rate of XXX new Positions | C24: 0 | D24: 0 | H24: end of line
B25: Less Lapse (50%) | C25: 0 | D25: 0 | H25: end of line
B26: Net compensation | C26: =SUM(C24:C25) -> 0 | D26: =SUM(D24:D25) -> 0 | H26: end of line
B27: Associated Employee Benefits | D27: 0 | H27: end of line
B28: Total Personnel Cost | C28: =SUM(C26:C27) -> 0 | D28: =SUM(D26:D27) -> 0 | H28: end of line
B29: Travel | D29: 0 | H29: end of line
B30: Transportation of Things | D30: 0 | H30: end of line
B31: Communications/Utilities | D31: 0 | H31: end of line
B32: Printing/Reproduction | D32: 0 | H32: end of line
B33: Other Contractual Services | D33: =SUM(D34:D37) -> 0 | H33: end of line
B34: 25.2 Other Services | D34: 0 | H34: end of line
B35: 25.3 Purchase of Goods and Services from Government Accounts | D35: 0 | H35: end of line
B36: 25.4 Operations and Maintenance of Facilities | D36: 0 | H36: end of line
B37: 25.6 Medical Care | D37: 0 | H37: end of line
B38: Supplies and Materials | D38: 0 | H38: end of line
B39: Equipment | D39: 0 | H39: end of line
B40: Total Non-Personnel Cost | D40: =SUM(D30:D33,D38:D39) -> 0 | H40: end of line
B41: Total New Position Costs Subject to Annualization | C41: =C28 -> 0 | D41: =D40+D28 -> 0 | H41: end of line
A42: 4 | B42: Administrative Salary Increase: This request provides for an expected annual pay adjustment of administratively determined salaries for the Assistant United States Attorneys occupying ungraded positions in the United States Attorneys offices ($_____for pay and $_____for benefits, totaling $______.) | G42: 0 | H42: end of line
A43: 5 | B43: Employee Compensation Fund: The $________request reflects anticipated changes in payments to the Department of Labor for injury benefits under the Federal Employee Compensation Act. | G43: 0 | H43: end of line
A44: 6 | B44: Health Insurance: Effective January 2014, the component's contribution to Federal employees' health insurance increases by XX percent. Applied against the 2013 estimate of $_______, the additional amount required is $______. | G44: 0 | H44: end of line
A45: 7 | B45: Retirement: Agency retirement contributions increase as employees under CSRS retire and are replaced by FERS employees. Based on U.S. Department of Justice Agency estimates, we project that the DOJ workforce will convert from CSRS to FERS at a rate of 1.3 percent per year. The requested increase of $______is necessary to meet our increased retirement obligations as a result of this conversion. | G45: 0 | H45: end of line
B46: Subtotal, Pay and Benefits | E46: =SUM(E18:E45) -> 0 | F46: =SUM(F18:F45) -> 0 | G46: =SUM(G18:G45) -> 0 | H46: end of line | J46: Do these totals agree with Pay and Benefits line in exhibit B?
B47: Domestic Rent and Facilities | H47: end of line
A48: 1 | B48: General Services Administration (GSA) Rent: GSA will continue to charge rental rates that approximate those charged to commercial tenants for equivalent space and related services. The requested increase of $_______is required to meet our commitment to GSA. The costs associated with GSA rent were derived through the use of an automated system, which uses the latest inventory data, including rate increases to be effective FY 2014 for each building currently occupied by Department of Justice components, as well as the costs of new space to be occupied. GSA provides data on the rate increases. | G48: 0 | H48: end of line
A49: 2 | B49: Guard Services: This includes Department of Homeland Security (DHS) Federal Protective Service charges, Justice Protective Service charges and other security services across the country. The requested increase of $_______is required to meet these commitments. | G49: 0 | H49: end of line
A50: 3 | B50: Moves (Lease Expirations): GSA requires all agencies to pay relocation costs associated with lease expirations. This request provides for the costs associated with new office relocations caused by the expiration of leases in FY 2014. | G50: 0 | H50: end of line
B51: Subtotal, Domestic Rent and Facilities | E51: =SUM(E48:E50) -> 0 | F51: =SUM(F48:F50) -> 0 | G51: =SUM(G48:G50) -> 0 | H51: end of line | J51: Do these totals agree with Domestic Rent and Facilities line in exhibit B?
B52: Other Adjustments | G52: 0 | H52: end of line
A53: 1 | B53: WCF Rate Adjustments: The Department's Working Capital Fund (WCF) provides Department components with centralized administrative and infrastructure support services. The WCF is a cost effective mechanism that eliminates duplication of effort and promotes economies of scale through consolidation and centralization. Inflationary adjustments are required to account for pay adjustments, contractual changes, and information technology maintenance and technology refreshment upgrades Funding of $_______is required for this account. | G53: 0 | H53: end of line
A54: 2 | G54: 0 | H54: end of line
B55: Subtotal, Other Adjustments | E55: =SUM(E52:E54) -> 0 | F55: =SUM(F52:F54) -> 0 | G55: =SUM(G52:G54) -> 0 | H55: end of line | J55: Do these totals agree with Other Adjustments line in Exhibit B?
B56: Foreign Expenses | H56: end of line
A57: 1 | B57: Education Allowance: For employees stationed abroad, components are obligated to meet the educational expenses incurred by an employee in providing adequate elementary (grades K-8) and secondary (grades 9-12) education for dependent children at post. $_______reflects the increase in cost to support existing staffing levels. | G57: 0 | H57: end of line
A58: 2 | B58: Government Leased Quarter (GLQ) Requirements: GLQ is a program managed by the Department of State (DOS) and provides government employees stationed overseas with housing and utilities. DOS exercises authority for leases and control of the GLQs and negotiates the lease for components. $_______reflects the change in cost to support existing staffing levels. | G58: 0 | H58: end of line
A59: 3 | B59: International Cooperative Administrative Support Services (ICASS): Under the ICASS, an annual charge is made by the Department of State for administrative support based on the overseas staff of each federal agency. This request is based on the projected FY 2013 bill for post invoices and other ICASS costs. | G59: 0 | H59: end of line
A60: 4 | B60: Living Quarter Allowance: The living quarter allowance (LQA) is an allowance granted an employee for the annual cost of adequate living quarters for the employee and the employee's family at a foreign post. The rates are designed to cover the average cost of rent, heat, light, fuel, gas, electricity, water, local taxes, and insurance paid by the employee. Employees who receive the GLQ do not receive LQA and vice versa. $_______reflects the change in cost to support existing staffing levels. | G60: 0 | H60: end of line
A61: 5 | B61: Overseas Capital Security Cost Sharing (CSCS): The Department of State (DOS) is in the midst of a multi-year capital security construction program, with a plan to build and maintain new diplomatic and consular compounds that meet security requirements set by the Secure Embassies Construction Act. As authorized by P.L. 108-447 and subsequent acts, “all agencies with personnel overseas subject to chief of mission authority…shall participate and provide funding in advance for their share of costs of providing new, safe, secure U.S. diplomatic facilities, without offsets, on the basis of the total overseas presence of each agency as determined by the Secretary of State.” Originally authorized for FY2000-2004, the program has been extended annually by OMB and Congress and has also been expanded beyond new embassy construction to include maintenance and renovation costs of the new facilities also. For the purpose of this program, DOS’s personnel totals for DOJ include current and projected staffing. The estimated cost to the Department, as provided by DOS, for FY 2014 is $_______. The XXX currently has XXX positions overseas, and funding of $_______is requested for this account. [CRM, USMS, FBI, DEA, ATF only] | G61: 0 | H61: end of line
B62: Subtotal, Foreign Expenses | E62: =SUM(E57:E61) -> 0 | F62: =SUM(F57:F61) -> 0 | G62: =SUM(G57:G61) -> 0 | H62: end of line | J62: Do these totals agree with Foreign Expenses line in exhibit B?
B63: Prison and Detention | H63: end of line
A64: 1 | E64: 0 | F64: 0 | G64: 0 | H64: end of line
A65: 2 | E65: 0 | F65: 0 | G65: 0 | H65: end of line
B66: Subtotal, Prison and Detention | E66: =SUM(E64:E65) -> 0 | F66: =SUM(F64:F65) -> 0 | G66: =SUM(G64:G65) -> 0 | H66: end of line | J66: Do these totals agree with Prison and Detention line in exhibit B?
B67: Non-Personnel Related Decreases | H67: end of line
A68: 1 | E68: 0 | F68: 0 | G68: =D40 -> 0 | H68: end of line
A69: 2 | E69: 0 | F69: 0 | G69: =D41 -> 0 | H69: end of line
B70: Subtotal, Non-Recur Non-Personnel | E70: =SUM(E68:E69) -> 0 | F70: =SUM(F68:F69) -> 0 | G70: =SUM(G68:G69) -> 0 | H70: end of line | J70: Do these totals agree with Non-Recur Non-Personnel line in exhibit B?
B71: TOTAL DIRECT TECHNICAL and BASE ADJUSTMENTS | E71: =E70+E66+E62+E55+E51+E46+E15+E11 -> 0 | F71: =F70+F66+F62+F55+F51+F46+F15+F11 -> 0 | G71: =G70+G66+G62+G55+G51+G46+G15+G11 -> 0 | H71: end of line | J71: Do these totals agree with Total Technical Adjustments and Adjustments to Base in exhibit B?
H72: end of line
B73: ATB Reimbursable FTE Changes | H73: end of line
A74: 1 | B74: ATB Reimbursable FTE Adjustments | F74: 0 | H74: end of line
B75: Subtotal, Reimbursable FTE Changes | E75: =SUM(E74:E74) -> 0 | F75: =SUM(F74:F74) -> 0 | G75: =SUM(G74:G74) -> 0 | H75: end of sheet | J75: Do these totals agree with Reimb FTE line in exhibit B by DU?

Sheet F. 2012 Crosswalk
A1: Crosswalk of 2012 Availability | P1: end of line
A2: ='B. Summ of Req.'!A2:D2 -> Office on Violence Against Women | P2: end of line
A3: ='B. Summ of Req.'!A3:D3 -> Grant Programs | P3: end of line
A4: (Dollars in Thousands) | P4: end of line
P5: end of line
P6: end of line
A7: Program Activity | B7: 2012 Appropriation Enacted w/o Balance Rescission | E7: Balance Rescission | H7: Reprogramming/Transfers | K7: Carryover | L7: Recoveries/Refunds | M7: 2012 Actual | P7: end of line
B8: Direct Pos. | C8: Actual FTE | D8: Amount | E8: Direct Pos. | F8: Actual FTE | G8: Amount | H8: Direct Pos. | I8: Actual FTE | J8: Amount | K8: Amount | L8: Amount | M8: Direct Pos. | N8: Actual FTE | O8: Amount | P8: end of line
A9: Prevention and Prosecution of Violence Against Women | B9: 0 | C9: 0 | D9: 0 | E9: 0 | F9: 0 | G9: 0 | H9: 0 | I9: 0 | J9: 0 | K9: 0 | M9: =B9+H9 -> 0 | N9: =C9+I9 -> 0 | O9: =D9+J9+K9+L9+G9 -> 0 | P9: end of line
A10: STOP Program | B10: 0 | C10: 0 | D10: 189000 | E10: 0 | F10: 0 | G10: -6634 | H10: 0 | I10: 0 | J10: =103.254+188.419 -> 291.673 | K10: 8332 | L10: =1245.9+24.659 -> 1270.559 | M10: 0 | N10: 0 | O10: =D10+J10+K10+L10+G10 -> 192260.23
A11: Transitional Housing | B11: 0 | C11: 0 | D11: 25000 | E11: 0 | F11: 0 | G11: -1477 | H11: 0 | I11: 0 | J11: 0 | K11: 1778 | L11: 607.559 | M11: 0 | N11: 0 | O11: =D11+J11+K11+L11+G11 -> 25908.559
A12: NIJ Research & Development | B12: 0 | C12: 0 | D12: 3000 | E12: 0 | F12: 0 | H12: 0 | I12: 0 | J12: 0 | M12: 0 | N12: 0 | O12: =D12+J12+K12+L12+G12 -> 3000
A13: Arrest Program | B13: 0 | C13: 0 | D13: 50000 | E13: 0 | F13: 0 | G13: -1008 | H13: 0 | I13: 0 | J13: =277.227 -> 277.227 | K13: 3941 | L13: =2603.166+9.361 -> 2612.527 | M13: 0 | N13: 0 | O13: =D13+J13+K13+L13+G13 -> 55822.754
A14: Sexual Assault Svcs Program | B14: 0 | C14: 0 | D14: 23000 | E14: 0 | F14: 0 | H14: 0 | I14: 0 | J14: 0 | K14: 1967 | L14: =139.35+0.34 -> 139.69 | M14: 0 | N14: 0 | O14: =D14+J14+K14+L14+G14 -> 25106.69
A15: Homiide Reduction Initiative | B15: 0 | C15: 0 | D15: [4,000] | E15: 0 | F15: 0 | H15: 0 | I15: 0 | J15: 0 | M15: 0 | N15: 0 | O15: 0
A16: Rural Program | B16: 0 | C16: 0 | D16: 34000 | E16: 0 | F16: 0 | G16: -1000 | H16: 0 | I16: 0 | J16: 0 | K16: 6929 | L16: =1342.97+9.361 -> 1352.331 | M16: 0 | N16: 0 | O16: =D16+J16+K16+L16+G16 -> 41281.331
A17: Campus Program | B17: 0 | C17: 0 | D17: 9000 | E17: 0 | F17: 0 | G17: -268 | H17: 0 | I17: 0 | J17: 0 | K17: 1307 | L17: 253.244 | M17: 0 | N17: 0 | O17: =D17+J17+K17+L17+G17 -> 10292.244
A18: Legal Assistance to Victims (LAV) | B18: 0 | C18: 0 | D18: 41000 | E18: 0 | F18: 0 | G18: -353 | H18: 0 | I18: 0 | J18: =42.281 -> 42.281 | K18: 1141 | L18: =866.952+9.361 -> 876.313 | M18: 0 | N18: 0 | O18: =D18+J18+K18+L18+G18 -> 42706.594
A19: Abuse in Later Life Program | B19: 0 | C19: 0 | D19: 4250 | E19: 0 | F19: 0 | G19: -545 | H19: 0 | I19: 0 | J19: 0 | K19: 831 | L19: =430.302+9.361 -> 439.663 | M19: 0 | N19: 0 | O19: =D19+J19+K19+L19+G19 -> 4975.663
A20: Enhancing Safety for Victims and Their Children in a Family Matter | B20: 0 | C20: 0 | D20: 0 | E20: 0 | F20: 0 | H20: 0 | I20: 0 | J20: 0 | M20: 0 | N20: 0 | O20: =D20+J20+K20+L20+G20 -> 0
A21: Safe Havens: Supervised Visitation Program | B21: 0 | C21: 0 | D21: 11500 | E21: 0 | F21: 0 | G21: -1940 | H21: 0 | I21: 0 | J21: 0 | K21: 5378 | L21: 1184.38 | M21: 0 | N21: 0 | O21: =D21+J21+K21+L21+G21 -> 16122.38
A22: Disabilities Program | B22: 0 | C22: 0 | D22: 5750 | E22: 0 | F22: 0 | H22: 0 | I22: 0 | J22: 0 | K22: 531 | L22: =203.181+9.361 -> 212.542 | M22: 0 | N22: 0 | O22: =D22+J22+K22+L22+G22 -> 6493.542
A23: Consolidated Grants Program | B23: 0 | C23: 0 | D23: 10000 | E23: 0 | F23: 0 | H23: 0 | I23: 0 | J23: 0 | L23: -201.178 | M23: 0 | N23: 0 | O23: =D23+J23+K23+L23+G23 -> 9798.822
A24: Engaging Men & Youth Program | B24: 0 | C24: 0 | D24: 0 | E24: 0 | F24: 0 | H24: 0 | I24: 0 | J24: 0 | K24: 3689.5 | M24: 0 | N24: 0 | O24: =D24+J24+K24+L24+G24 -> 3689.5
A25: Supporting Teens Through Education | B25: 0 | C25: 0 | D25: 0 | E25: 0 | F25: 0 | H25: 0 | I25: 0 | J25: 0 | K25: 92 | M25: 0 | N25: 0 | O25: =D25+J25+K25+L25+G25 -> 92
A26: Children & Youth Exposed | B26: 0 | C26: 0 | D26: 0 | E26: 0 | F26: 0 | H26: 0 | I26: 0 | J26: 0 | K26: 303 | M26: 0 | N26: 0 | O26: =D26+J26+K26+L26+G26 -> 303
A27: Youth Advocacy | B27: 0 | C27: 0 | D27: 0 | E27: 0 | F27: 0 | H27: 0 | I27: 0 | J27: 0 | K27: 16 | M27: 0 | N27: 0 | O27: =D27+J27+K27+L27+G27 -> 16
A28: Court Training & Improvement | B28: 0 | C28: 0 | D28: 4500 | E28: 0 | F28: 0 | H28: 0 | I28: 0 | J28: 0 | K28: 48 | L28: 35 | M28: 0 | N28: 0 | O28: =D28+J28+K28+L28+G28 -> 4583
A29: Sexual Assault Clearing House - Indian Country | B29: 0 | C29: 0 | D29: 500 | E29: 0 | F29: 0 | H29: 0 | I29: 0 | J29: 0 | M29: 0 | N29: 0 | O29: =D29+J29+K29+L29+G29 -> 500
A30: Indian Women - Analysis & Research | B30: 0 | C30: 0 | D30: 1000 | E30: 0 | F30: 0 | H30: 0 | I30: 0 | J30: 0 | K30: 79 | M30: 0 | N30: 0 | O30: =D30+J30+K30+L30+G30 -> 1079
A31: Indian Women - Tracking | B31: 0 | C31: 0 | D31: 0 | E31: 0 | F31: 0 | H31: 0 | I31: 0 | J31: 0 | K31: 3909.5 | O31: =D31+J31+K31+L31+G31 -> 3909.5
A32: National Resource Center - Workplace Response | B32: 0 | C32: 0 | D32: 1000 | E32: 0 | F32: 0 | H32: 0 | I32: 0 | J32: 0 | K32: 1181 | M32: 0 | N32: 0 | O32: =D32+J32+K32+L32+G32 -> 2181
A33: Tribal Government Grants Program | B33: 0 | C33: 0 | D33: [35,270] | E33: 0 | F33: 0 | G33: -1775 | H33: 0 | I33: 0 | J33: 0 | K33: 2694 | L33: 810.9 | M33: 0 | N33: 0 | O33: =J33+K33+L33+G33 -> 1729.9 | P33: end of line
A34: Tribal Coalition Grants | B34: 0 | C34: 0 | D34: [3,605] | E34: 0 | F34: 0 | H34: 0 | I34: 0 | J34: 0 | K34: 1232 | L34: 23.405 | M34: 0 | N34: 0 | O34: 1232
A35: National Resource Center on Workplace Responses | B35: 0 | C35: 0 | D35: 0 | E35: 0 | F35: 0 | H35: 0 | I35: 0 | J35: 0 | K35: 0 | M35: 0 | N35: 0 | O35: =D35+J35+K35+L35+G35 -> 0
A36: Total Direct | B36: =SUM(B9:B35) -> 0 | C36: =SUM(C9:C35) -> 0 | D36: =SUM(D9:D35) -> 412500 | E36: =SUM(E9:E35) -> 0 | F36: =SUM(F9:F35) -> 0 | G36: =SUM(G9:G35) -> -15000 | H36: =SUM(H9:H35) -> 0 | I36: =SUM(I9:I35) -> 0 | ... O36: =SUM(O9:O35) -> 453083.71 | P36: end of line
A37: Reimbursable FTE | B37: 0 | C37: 0 | F37: 0 | H37: 0 | I37: 0 | M37: =B37+H37+E37 -> 0 | N37: =C37+I37+F37 -> 0 | P37: end of line
A38: Total Direct and Reimb. FTE | B38: 0 | C38: =C36+C37 -> 0 | F38: =F36+F37 -> 0 | H38: 0 | I38: =I36+I37 -> 0 | M38: =M36+M37 -> 0 | N38: =N36+N37 -> 0 | P38: end of line
P39: end of line
A40: Other FTE: | P40: end of line
A41: LEAP | B41: 0 | C41: 0 | F41: 0 | H41: 0 | I41: 0 | M41: =B41+H41+E41 -> 0 | N41: =C41+I41+F41 -> 0 | P41: end of line
A42: Overtime | B42: 0 | C42: 0 | F42: 0 | H42: 0 | I42: 0 | M42: =B42+H42+E41 -> 0 | N42: =C42+I42+F41 -> 0 | P42: end of line
A43: Grand Total, FTE | C43: =C38+C41+C42 -> 0 | F43: =F38+F41+F42 -> 0 | I43: =I38+I41+I42 -> 0 | N43: =SUM(N38,N41:N42) -> 0 | P43: end of line
P44: end of line
A45: Reprogramming/Transfers | P45: end of line
A46: $611,181 in unobligated funds from prior years was transferred from OJP to OVW in FY7 2012. | P46: end of line
P47: end of line
A48: Carryover: | P48: end of line
A49: Of the $45.38 million in carryover, $12.6 million of the funds were recovered prior to FY 2011. $14.8 million was recovered in FY 2011, and $17.9 million are funds that were never obligated | P49: end of line
A50: in prior years (excludes recoveries of salaries and expenses.) | P50: end of line
A51: Recoveries/Refunds: | P51: end of line
A52: $9.6 million is actual recoveries of FY 2012 funds (excludes recoveries of salaries and expenses.) | P52: end of sheet
P53: end of line
P54: end of line
G56: 7

Sheet G. 2013 Crosswalk
A1: Crosswalk of 2013 Availability | N1: end of line
A2: ='B. Summ of Req.'!A2:D2 -> Office on Violence Against Women | N2: end of line
A3: ='B. Summ of Req.'!A3:D3 -> Grant Programs | N3: end of line
A4: (Dollars in Thousands) | N4: end of line
N5: end of line
N6: end of line
A7: Program Activity | B7: FY 2013 Continuing Resolution | E7: 2013 Supplemental Appropriation | F7: Reprogramming/Transfers | I7: Carryover | J7: Recoveries/Refunds | K7: 2013 Availability | N7: end of line
B8: Direct Pos. | C8: Estim. FTE | D8: Amount | E8: Amount | F8: Direct Pos. | G8: Estim. FTE | H8: Amount | I8: Amount | J8: Amount | K8: Direct Pos. | L8: Estim. FTE | M8: Amount | N8: end of line
A9: STOP Program | B9: 0 | C9: 0 | D9: 190157 | E9: 0 | F9: 0 | G9: 0 | H9: 0 | I9: =4060+93.598+93.917 -> 4247.515 | J9: =428.601+0.935+1.872+32.213 -> 463.621 | K9: 0 | L9: 0 | M9: =D9+I9+J9 -> 194868.14 | N9: end of line
A10: Transitional Housing | B10: 0 | C10: 0 | D10: 25153 | E10: 0 | F10: 0 | G10: 0 | H10: 0 | I10: 606.74 | J10: 925.1 | K10: 0 | L10: 0 | M10: =D10+I10+J10 -> 26684.84 | N10: end of line
A11: NIJ Research & Development | B11: 0 | C11: 0 | D11: 3018 | E11: 0 | F11: 0 | G11: 0 | H11: 0 | I11: 0 | K11: 0 | L11: 0 | M11: =D11+I11+J11 -> 3018 | N11: end of line
A12: Arrest Program | B12: 0 | C12: 0 | D12: 50306 | E12: 0 | F12: 0 | G12: 0 | H12: 0 | I12: =2037.9+18.937 -> 2056.837 | J12: =1994.213+5.011 -> 1999.224 | K12: 0 | L12: 0 | M12: =D12+I12+J12 -> 54362.061 | N12: end of line
A13: Sexual Assault Svcs Program | B13: 0 | C13: 0 | D13: 23141 | E13: 0 | F13: 0 | G13: 0 | H13: 0 | I13: =267.631+370.735+19.409+27.058+1.7+1.6 -> 688.133 | J13: =25.053+7.351 -> 32.404 | K13: 0 | L13: 0 | M13: =D13+I13+J13 -> 23861.537 | N13: end of line
A14: Homicide Reduction Initiative | B14: 0 | C14: 0 | D14: [4,000] | E14: 0 | F14: 0 | G14: 0 | H14: 0 | I14: 3810.6 | K14: 0 | L14: 0 | M14: 0 | N14: end of line
A15: Rural Program | B15: 0 | C15: 0 | D15: 34208 | E15: 0 | F15: 0 | G15: 0 | H15: 0 | I15: =1828.88+18.937 -> 1847.817 | J15: =439.485+5.011 -> 444.496 | K15: 0 | L15: 0 | M15: =D15+I15+J15 -> 36500.313 | N15: end of line
A16: Campus Program | B16: 0 | C16: 0 | D16: 9055 | E16: 0 | F16: 0 | G16: 0 | H16: 0 | I16: 185.056 | J16: =95.775 -> 95.775 | K16: 0 | L16: 0 | M16: =D16+I16+J16 -> 9335.831 | N16: end of line
A17: Legal Assistance to Victims (LAV) | B17: 0 | C17: 0 | D17: 41251 | E17: 0 | F17: 0 | G17: 0 | H17: 0 | I17: =1137.3+18.937 -> 1156.237 | J17: =839.191+5.011 -> 844.202 | K17: 0 | L17: 0 | M17: =D17+I17+J17 -> 43251.439 | N17: end of line
A18: Abuse in Later Life Program | B18: 0 | C18: 0 | D18: 4276 | E18: 0 | F18: 0 | G18: 0 | H18: 0 | I18: =341.529+18.937 -> 360.466 | J18: =469.584+5.011 -> 474.595 | K18: 0 | L18: 0 | M18: =D18+I18+J18 -> 5111.061 | N18: end of line
A19: Enhancing Safety for Victims and Their Children in a Family Matter | B19: 0 | C19: 0 | D19: 0 | E19: 0 | F19: 0 | G19: 0 | H19: 0 | I19: 0 | K19: 0 | L19: 0 | M19: =D19+I19+J19 -> 0 | N19: end of line
A20: Safe Havens: Supervised Visitation Program | B20: 0 | C20: 0 | D20: 11570 | E20: 0 | F20: 0 | G20: 0 | H20: 0 | I20: 110.731 | J20: =872.574 -> 872.574 | K20: 0 | L20: 0 | M20: =D20+I20+J20 -> 12553.305 | N20: end of line
A21: Disabilities Program | B21: 0 | C21: 0 | D21: 5785 | E21: 0 | F21: 0 | G21: 0 | H21: 0 | I21: =239.293+18.937 -> 258.23 | J21: =47.239+5.011 -> 52.25 | K21: 0 | L21: 0 | M21: =D21+I21+J21 -> 6095.48 | N21: end of line
A22: Consolidated Grants Program | B22: 0 | C22: 0 | D22: 10061 | E22: 0 | F22: 0 | G22: 0 | H22: 0 | I22: 8782.8 | J22: 201.178 | K22: 0 | L22: 0 | M22: =D22+I22+J22 -> 19044.978 | N22: end of line
A23: Engaging Men & Youth Program | B23: 0 | C23: 0 | D23: 0 | E23: 0 | F23: 0 | G23: 0 | H23: 0 | I23: 10.108 | K23: 0 | L23: 0 | M23: =D23+I23+J23 -> 10.108 | N23: end of line
A24: Supporting Teens Through Education | B24: 0 | C24: 0 | D24: 0 | E24: 0 | F24: 0 | G24: 0 | H24: 0 | I24: 0 | K24: 0 | L24: 0 | M24: =D24+I24+J24 -> 0 | N24: end of line
A25: Children & Youth Exposed | B25: 0 | C25: 0 | D25: 0 | E25: 0 | F25: 0 | G25: 0 | H25: 0 | I25: 0 | K25: 0 | L25: 0 | M25: =D25+I25+J25 -> 0 | N25: end of line
A26: Youth Advocacy | B26: 0 | C26: 0 | D26: 0 | E26: 0 | F26: 0 | G26: 0 | H26: 0 | I26: 0 | K26: 0 | L26: 0 | M26: =D26+I26+J26 -> 0 | N26: end of line
A27: Court Training & Improvement | B27: 0 | C27: 0 | D27: 4528 | E27: 0 | F27: 0 | G27: 0 | H27: 0 | I27: 239.533 | K27: 0 | L27: 0 | M27: =D27+I27+J27 -> 4767.533 | N27: end of line
A28: Sexual Assault Clearing House - Indian Country | B28: 0 | C28: 0 | D28: 503 | E28: 0 | F28: 0 | G28: 0 | H28: 0 | I28: 0 | K28: 0 | L28: 0 | M28: =D28+I28+J28 -> 503 | N28: end of line
A29: Indian Women - Analysis & Research | B29: 0 | C29: 0 | D29: 1006 | E29: 0 | F29: 0 | G29: 0 | H29: 0 | I29: 64.702 | K29: 0 | L29: 0 | M29: =D29+I29+J29 -> 1070.702 | N29: end of line
A30: Indian Women - Tracking | B30: 0 | C30: 0 | D30: 0 | E30: 0 | F30: 0 | G30: 0 | H30: 0 | I30: 3910 | K30: 0 | L30: 0 | M30: =D30+I30+J30 -> 3910 | N30: end of line
A31: National Resource Center - Workplace Response | B31: 0 | C31: 0 | D31: 1006.5 | E31: 0 | F31: 0 | G31: 0 | H31: 0 | I31: 33.797 | K31: 0 | L31: 0 | M31: =D31+I31+J31 -> 1040.297 | N31: end of line
A32: Tribal Government Grants Program | B32: 0 | C32: 0 | D32: [35,486] | E32: 0 | F32: 0 | G32: 0 | H32: 0 | I32: 1335.6 | J32: =247.114 -> 247.114 | K32: 0 | L32: 0 | M32: 0 | N32: end of line
A33: Tribal Coalition Grants | B33: 0 | C33: 0 | D33: [3,396] | E33: 0 | F33: 0 | G33: 0 | H33: 0 | I33: 170.589 | J33: 35 | K33: 0 | L33: 0 | M33: 0 | N33: end of line
A34: OVW Set-Aside for Research and Evaluation -- 2% of discr funds | F34: 0 | G34: 0 | H34: 0 | I34: 0
A44: Decision Unit 2 | B44: 0 | C44: 0 | D44: 0 | E44: 0 | F44: 0 | G44: 0 | H44: 0 | I44: 0 | J44: 0 | K44: =B44+F44 -> 0 | L44: =C44+G44 -> 0 | M44: =D44+E44+H44+I44+J44 -> 0 | N44: end of line
A45: Decision Unit 3 | B45: 0 | C45: 0 | D45: 0 | E45: 0 | F45: 0 | G45: 0 | H45: 0 | I45: 0 | J45: 0 | K45: =B45+F45 -> 0 | L45: =C45+G45 -> 0 | M45: =D45+E45+H45+I45+J45 -> 0 | N45: end of line
A46: Decision Unit 4 | B46: 0 | C46: 0 | D46: 0 | E46: 0 | F46: 0 | G46: 0 | H46: 0 | I46: 0 | J46: 0 | K46: =B46+F46 -> 0 | L46: =C46+G46 -> 0 | M46: =D46+E46+H46+I46+J46 -> 0 | N46: end of line
A47: Total Direct | B47: =SUM(B9:B46) -> 0 | C47: =SUM(C9:C46) -> 0 | D47: =SUM(D9:D46) -> 415024.5 | E47: =SUM(E9:E46) -> 0 | F47: =SUM(F9:F46) -> 0 | G47: =SUM(G9:G46) -> 0 | H47: =SUM(H9:H46) -> 0 | I47: =SUM(I9:I46) -> 29875.491 | ... M47: =SUM(M9:M46) -> 445988.62 | N47: end of line
A48: Balance Rescission | D48: -15000 | M48: =D48+E48+H48+I48+J48 -> -15000 | N48: end of line
A49: Total Direct with Rescission | D49: =SUM(D47:D48) -> 400024.5 | M49: =SUM(M47:M48) -> 430988.62 | N49: end of line
A50: Reimbursable FTE | C50: 0 | G50: 0 | I50: 0 | L50: =C50+G50 -> 0 | N50: end of line
A51: Total Direct and Reimb. FTE | C51: =C47+C50 -> 0 | G51: =G47+G50 -> 0 | I51: =I47+I50 -> 29875.491 | L51: =L47+L50 -> 0 | N51: end of line
N52: end of line
A53: Other FTE: | N53: end of line
A54: LEAP | C54: 0 | G54: 0 | I54: 0 | L54: =C54+G54 -> 0 | N54: end of line
A55: Overtime | C55: 0 | G55: 0 | I55: 0 | L55: =C55+G55 -> 0 | N55: end of line
A56: Grand Total, FTE | C56: =C51+C54+C55 -> 0 | G56: =G51+G54+G55 -> 0 | I56: =I51+I54+I55 -> 29875.491 | L56: =SUM(L51,L54:L55) -> 0 | N56: end of line
N57: end of line
A58: *The 2013 Continuing Resolution includes the 0.612% funding provided by the Continuing Appropriations Resolution, 2013 (P.L. 112-175, Section 101 (c)).
A59: Reprogramming/Transfers | N59: end of line
A60: n/a | N60: end of line
N61: end of line
A62: Carryover: | N62: end of line
A63: Of the $29.875 million in carryover, $7.55 million was recovered in FY 2012 and $22.321 million are funds that were never obligated (excludes carryover of salaries and expenses.) | N63: end of line
N64: end of line
A65: Recoveries/Refunds: | N65: end of line
A66: OVW has $6.69 million in recoveries as of January 2013. | N66: end of sheet

Sheet G. 2013 Crosswalk (2)
A1: Crosswalk of 2013 Availability | N1: end of line | P1: General Instructions
A2: Name of Budget Account | N2: end of line
A3: Salaries and Expenses | N3: end of line | P3: Insert/delete rows as needed. Make sure total formula includes applicable rows in calculation.
A4: (Dollars in Thousands) | N4: end of line | P4: Do NOT change font, font size and other display settings.
N5: end of line
N6: end of line
A7: Program Activity | B7: FY 2013 Continuing Resolution | E7: Supplemental Appropriation | F7: Reprogramming/Transfers | I7: Carryover | J7: Recoveries/Refunds | K7: 2013 Availability | N7: end of line | P7: Reprogramming/Transfers should reflect approved reprogramming and all SF-1151 Transfers (DHS, HIDTA, Treasury, etc.
B8: Direct Pos. | C8: Estim. FTE | D8: Amount | E8: Amount | F8: Direct Pos. | G8: Estim. FTE | H8: Amount | I8: Amount | J8: Amount | K8: Direct Pos. | L8: Estim. FTE | M8: Amount | N8: end of line | P8: Direct Amounts only from the latest approved SF-132 for the following items:
A9: Decision Unit 1 | B9: 0 | C9: 0 | D9: 0 | E9: 0 | F9: 0 | G9: 0 | H9: 0 | I9: 0 | J9: 0 | K9: =B9+F9 -> 0 | L9: =C9+G9 -> 0 | M9: =D9+E9+H9+I9+J9 -> 0 | N9: end of line | P9: Line 1000 for Unobligated Balances Carried Forward
A10: Decision Unit 2 | B10: 0 | C10: 0 | D10: 0 | E10: 0 | F10: 0 | G10: 0 | H10: 0 | I10: 0 | J10: 0 | K10: =B10+F10 -> 0 | L10: =C10+G10 -> 0 | M10: =D10+E10+H10+I10+J10 -> 0 | N10: end of line | P10: Lines 1021, 1041 for Recoveries
A11: Decision Unit 3 | B11: 0 | C11: 0 | D11: 0 | E11: 0 | F11: 0 | G11: 0 | H11: 0 | I11: 0 | J11: 0 | K11: =B11+F11 -> 0 | L11: =C11+G11 -> 0 | M11: =D11+E11+H11+I11+J11 -> 0 | N11: end of line | P11: Lines 1700, 1701, 1740 for Direct Cash Refunds
A12: Decision Unit 4 | B12: 0 | C12: 0 | D12: 0 | E12: 0 | F12: 0 | G12: 0 | H12: 0 | I12: 0 | J12: 0 | K12: =B12+F12 -> 0 | L12: =C12+G12 -> 0 | M12: =D12+E12+H12+I12+J12 -> 0 | N12: end of line
A13: Total Direct | B13: =SUM(B9:B12) -> 0 | C13: =SUM(C9:C12) -> 0 | D13: =SUM(D9:D12) -> 0 | E13: =SUM(E9:E12) -> 0 | F13: =SUM(F9:F12) -> 0 | G13: =SUM(G9:G12) -> 0 | H13: =SUM(H9:H12) -> 0 | I13: =SUM(I9:I12) -> 0 | ... M13: =SUM(M9:M12) -> 0 | N13: end of line
A14: Balance Rescission | D14: 0 | M14: =D14+E14+H14+I14+J14 -> 0 | N14: end of line
A15: Total Direct with Rescission | D15: =SUM(D13:D14) -> 0 | M15: =SUM(M13:M14) -> 0 | N15: end of line | P15: Please provide explanatory narrative, in footnote format, for any Rescissions, Reprogrammings, Transfers, Recoveries and Unobligated Balances.
A16: Reimbursable FTE | C16: 0 | G16: 0 | I16: 0 | L16: =C16+G16 -> 0 | N16: end of line
A17: Total Direct and Reimb. FTE | C17: =C13+C16 -> 0 | G17: =G13+G16 -> 0 | I17: =I13+I16 -> 0 | L17: =L13+L16 -> 0 | N17: end of line
N18: end of line
A19: Other FTE: | N19: end of line
A20: LEAP | C20: 0 | G20: 0 | I20: 0 | L20: =C20+G20 -> 0 | N20: end of line
A21: Overtime | C21: 0 | G21: 0 | I21: 0 | L21: =C21+G21 -> 0 | N21: end of line
A22: Grand Total, FTE | C22: =C17+C20+C21 -> 0 | G22: =G17+G20+G21 -> 0 | I22: =I17+I20+I21 -> 0 | L22: =SUM(L17,L20:L21) -> 0 | N22: end of line
N23: end of line
A24: *The 2013 Continuing Resolution includes the 0.612% funding provided by the Continuing Appropriations Resolution, 2013 (P.L. 112-175, Section 101 (c)).
A27: Reprogramming/Transfers | N27: end of line
N28: end of line
N29: end of line
A30: Carryover: | N30: end of line
N31: end of line
N32: end of line
A33: Recoveries/Refunds: | N33: end of line
N34: end of line
N35: end of line
N36: end of line
N37: end of sheet

Sheet H. Reimbursable Resources
A1: Summary of Reimbursable Resources | N1: end of line | P1: General Instructions
A2: ='B. Summ of Req.'!A2:D2 -> Office on Violence Against Women | N2: end of line
A3: ='B. Summ of Req.'!A3:D3 -> Grant Programs | N3: end of line | P3: Insert/delete rows as needed. Make sure total formula includes applicable rows in calculation.
A4: (Dollars in Thousands) | N4: end of line | P4: Do NOT change font, font size and other display settings.
N5: end of line
N6: end of line
A7: Collections by Source | B7: 2012 Actual | E7: 2013 Planned | H7: 2014 Request | K7: Increase/Decrease | N7: end of line | P7: Sources of collections may be other agencies or other appropriations within the Department of Justice.
B8: Reimb. Pos. | C8: Reimb. FTE | D8: Amount | E8: Reimb. Pos. | F8: Reimb. FTE | G8: Amount | H8: Reimb. Pos. | I8: Reimb. FTE | J8: Amount | K8: Reimb. Pos. | L8: Reimb. FTE | M8: Amount | N8: end of line | P8: Resources derived from the Assets Forfeiture Fund and the Organized Crime Drug Enforcement appropriations should be displayed separately for each organization gaining such resources.
A9: Agency 1 | B9: 0 | C9: 0 | D9: 0 | E9: 0 | F9: 0 | G9: 0 | H9: 0 | I9: 0 | J9: 0 | K9: =H9-E9 -> 0 | L9: =I9-F9 -> 0 | M9: =J9-G9 -> 0 | N9: end of line
A10: Agency 2 | B10: 0 | C10: 0 | D10: 0 | E10: 0 | F10: 0 | G10: 0 | H10: 0 | I10: 0 | J10: 0 | K10: =H10-E10 -> 0 | L10: =I10-F10 -> 0 | M10: =J10-G10 -> 0 | N10: end of line | P10: Total Reimb. FTE must agree with Reimb. FTE in exhibit B by DU.
A11: Agency 3 | B11: 0 | C11: 0 | D11: 0 | E11: 0 | F11: 0 | G11: 0 | H11: 0 | I11: 0 | J11: 0 | K11: =H11-E11 -> 0 | L11: =I11-F11 -> 0 | M11: =J11-G11 -> 0 | N11: end of line
A12: Agency 4 | B12: 0 | C12: 0 | D12: 0 | E12: 0 | F12: 0 | G12: 0 | H12: 0 | I12: 0 | J12: 0 | K12: =H12-E12 -> 0 | L12: =I12-F12 -> 0 | M12: =J12-G12 -> 0 | N12: end of line
A13: Budgetary Resources | B13: =SUM(B9:B12) -> 0 | C13: =SUM(C9:C12) -> 0 | D13: =SUM(D9:D12) -> 0 | E13: =SUM(E9:E12) -> 0 | F13: =SUM(F9:F12) -> 0 | G13: =SUM(G9:G12) -> 0 | H13: =SUM(H9:H12) -> 0 | I13: =SUM(I9:I12) -> 0 | ... M13: =SUM(M9:M12) -> 0 | N13: end of line
N14: end of line
A15: Obligations by Program Activity | B15: 2012 Actual | E15: 2013 Planned | H15: 2014 Request | K15: Increase/Decrease | N15: end of line
B16: Reimb. Pos. | C16: Reimb. FTE | D16: Amount | E16: Reimb. Pos. | F16: Reimb. FTE | G16: Amount | H16: Reimb. Pos. | I16: Reimb. FTE | J16: Amount | K16: Reimb. Pos. | L16: Reimb. FTE | M16: Amount | N16: end of line | P16: This section displays reimbursable by Decision Unit. Total obligations shown in this section should agree with total Collections above.
A17: Decision Unit 1 | B17: 0 | C17: 0 | D17: 0 | E17: 0 | F17: 0 | G17: 0 | H17: 0 | I17: 0 | J17: 0 | K17: =H17-E17 -> 0 | L17: =I17-F17 -> 0 | M17: =J17-G17 -> 0 | N17: end of line
A18: Decision Unit 2 | B18: 0 | C18: 0 | D18: 0 | E18: 0 | F18: 0 | G18: 0 | H18: 0 | I18: 0 | J18: 0 | K18: =H18-E18 -> 0 | L18: =I18-F18 -> 0 | M18: =J18-G18 -> 0 | N18: end of line
A19: Decision Unit 3 | B19: 0 | C19: 0 | D19: 0 | E19: 0 | F19: 0 | G19: 0 | H19: 0 | I19: 0 | J19: 0 | K19: =H19-E19 -> 0 | L19: =I19-F19 -> 0 | M19: =J19-G19 -> 0 | N19: end of line
A20: Decision Unit 4 | B20: 0 | C20: 0 | D20: 0 | E20: 0 | F20: 0 | G20: 0 | H20: 0 | I20: 0 | J20: 0 | K20: =H20-E20 -> 0 | L20: =I20-F20 -> 0 | M20: =J20-G20 -> 0 | N20: end of line
A21: Budgetary Resources | B21: =SUM(B17:B20) -> 0 | C21: =SUM(C17:C20) -> 0 | D21: =SUM(D17:D20) -> 0 | E21: =SUM(E17:E20) -> 0 | F21: =SUM(F17:F20) -> 0 | G21: =SUM(G17:G20) -> 0 | H21: =SUM(H17:H20) -> 0 | I21: =SUM(I17:I20) -> 0 | ... M21: =SUM(M17:M20) -> 0 | N21: end of line
N22: end of line
N23: end of sheet

Sheet I. Permanent Positions
A1: Detail of Permanent Positions by Category | K1: end of line | M1: General Instructions
A2: ='B. Summ of Req.'!A2:D2 -> Office on Violence Against Women | K2: end of line
A3: Salaries and Expenses | K3: end of line | M3: Insert/delete rows as needed. Make sure total formula includes applicable rows in calculation.
A4: (Dollars in Thousands) | K4: end of line | M4: Do NOT change font, font size and other display settings.
K5: end of line
K6: end of line
A7: Category | B7: 2012 Appropriation Enacted with Balance Rescissions | D7: 2013 Continuing Resolution | F7: 2014 Request | K7: end of line
B8: Direct Pos. | C8: Reimb. Pos. | D8: Direct Pos. | E8: Reimb. Pos. | F8: ATBs | G8: Program Increases | H8: Program Offsets | I8: Total Direct Pos. | J8: Total Reimb. Pos. | K8: end of line
A9: Miscellaneous Operations (010-099) | B9: 0 | C9: 0 | D9: 0 | E9: 0 | F9: 0 | G9: 0 | H9: 0 | I9: =D9+F9+G9+H9 -> 0 | J9: 0 | K9: end of line | M9: Position types in this template are sorted by series and only listing major categories.
A10: Security Specialists (080) | B10: 0 | C10: 0 | D10: 0 | E10: 0 | F10: 0 | G10: 0 | H10: 0 | I10: =D10+F10+G10+H10 -> 0 | J10: 0 | K10: end of line | M10: Insert a row, at the appropriate category order, to add position types as needed.
A11: Intelligence Series (132) | B11: 0 | C11: 0 | D11: 0 | E11: 0 | F11: 0 | G11: 0 | H11: 0 | I11: =D11+F11+G11+H11 -> 0 | J11: 0 | K11: end of line | M11: Direct Positions in this exhibit should agree with exhibit B, and related sections of exhibit C, D, E, F, G, J.
A12: Personnel Management (200-299) | B12: 0 | C12: 0 | D12: 0 | E12: 0 | F12: 0 | G12: 0 | H12: 0 | I12: =D12+F12+G12+H12 -> 0 | J12: 0 | K12: end of line | M12: Reimbursable Positions in this exhibit should agree with exhibit H.
A13: Clerical and Office Services (300-399) | B13: 0 | C13: 0 | D13: 0 | E13: 0 | F13: 0 | G13: 0 | H13: 0 | I13: =D13+F13+G13+H13 -> 0 | J13: 0 | K13: end of line
A14: Accounting and Budget (500-599) | B14: 0 | C14: 0 | D14: 0 | E14: 0 | F14: 0 | G14: 0 | H14: 0 | I14: =D14+F14+G14+H14 -> 0 | J14: 0 | K14: end of line
A15: Attorneys (905) | B15: 0 | C15: 0 | D15: 0 | E15: 0 | F15: 0 | G15: 0 | H15: 0 | I15: =D15+F15+G15+H15 -> 0 | J15: 0 | K15: end of line
A16: Paralegals / Other Law (900-998) | B16: 0 | C16: 0 | D16: 0 | E16: 0 | F16: 0 | G16: 0 | H16: 0 | I16: =D16+F16+G16+H16 -> 0 | J16: 0 | K16: end of line
A17: Information & Arts (1000-1099) | B17: 0 | C17: 0 | D17: 0 | E17: 0 | F17: 0 | G17: 0 | H17: 0 | I17: =D17+F17+G17+H17 -> 0 | J17: 0 | K17: end of line
A18: Business & Industry (1100-1199) | B18: 0 | C18: 0 | D18: 0 | E18: 0 | F18: 0 | G18: 0 | H18: 0 | I18: =D18+F18+G18+H18 -> 0 | J18: 0 | K18: end of line
A19: Library (1400-1499) | B19: 0 | C19: 0 | D19: 0 | E19: 0 | F19: 0 | G19: 0 | H19: 0 | I19: =D19+F19+G19+H19 -> 0 | J19: 0 | K19: end of line
A20: Equipment/Facilities Services (1600-1699) | B20: 0 | C20: 0 | D20: 0 | E20: 0 | F20: 0 | G20: 0 | H20: 0 | I20: =D20+F20+G20+H20 -> 0 | J20: 0 | K20: end of line
A21: Miscellaneous Inspectors Series (1802) | B21: 0 | C21: 0 | D21: 0 | E21: 0 | F21: 0 | G21: 0 | H21: 0 | I21: =D21+F21+G21+H21 -> 0 | J21: 0 | K21: end of line
A22: Criminal Investigative Series (1811) | B22: 0 | C22: 0 | D22: 0 | E22: 0 | F22: 0 | G22: 0 | H22: 0 | I22: =D22+F22+G22+H22 -> 0 | J22: 0 | K22: end of line
A23: Supply Services (2000-2099) | B23: 0 | C23: 0 | D23: 0 | E23: 0 | F23: 0 | G23: 0 | H23: 0 | I23: =D23+F23+G23+H23 -> 0 | J23: 0 | K23: end of line
A24: Information Technology Mgmt (2210) | B24: 0 | C24: 0 | D24: 0 | E24: 0 | F24: 0 | G24: 0 | H24: 0 | I24: =D24+F24+G24+H24 -> 0 | J24: 0 | K24: end of line
A25: Motor Vehicle Operations (5703) | B25: 0 | C25: 0 | D25: 0 | E25: 0 | F25: 0 | G25: 0 | H25: 0 | I25: =D25+F25+G25+H25 -> 0 | J25: 0 | K25: end of line
A26: Total | B26: =SUM(B9:B25) -> 0 | C26: =SUM(C9:C25) -> 0 | D26: =SUM(D9:D25) -> 0 | E26: =SUM(E9:E25) -> 0 | F26: =SUM(F9:F25) -> 0 | G26: =SUM(G9:G25) -> 0 | H26: =SUM(H9:H25) -> 0 | I26: =SUM(I9:I25) -> 0 | J26: =SUM(J9:J25) -> 0 | K26: end of line
A27: Headquarters (Washington, D.C.) | B27: 0 | C27: 0 | D27: 0 | E27: 0 | F27: 0 | G27: 0 | H27: =SUM(H11:H26) -> 0 | I27: =D27+F27+G27+H27 -> 0 | J27: 0 | K27: end of line
A28: U.S. Field | B28: 0 | C28: 0 | D28: 0 | E28: 0 | F28: 0 | G28: 0 | H28: =SUM(H12:H27) -> 0 | I28: =D28+F28+G28+H28 -> 0 | J28: 0 | K28: end of line
A29: Foreign Field | B29: 0 | C29: 0 | D29: 0 | E29: 0 | F29: 0 | G29: 0 | H29: =SUM(H13:H28) -> 0 | I29: =D29+F29+G29+H29 -> 0 | J29: 0 | K29: end of line
A30: Total | B30: =SUM(B27:B29) -> 0 | C30: =SUM(C27:C29) -> 0 | D30: =SUM(D27:D29) -> 0 | E30: =SUM(E27:E29) -> 0 | F30: =SUM(F27:F29) -> 0 | G30: =SUM(G27:G29) -> 0 | H30: =SUM(H27:H29) -> 0 | I30: =SUM(I27:I29) -> 0 | J30: =SUM(J27:J29) -> 0 | K30: end of line
K31: end of sheet

Sheet J. Financial Analysis
A1: Financial Analysis of Program Changes | P1: end of line | R1: General Instructions
A2: ='B. Summ of Req.'!A2:D2 -> Office on Violence Against Women | P2: end of line
A3: Salaries and Expenses | P3: end of line | R3: Insert/delete rows as needed. Make sure total formula includes applicable rows in calculation.
A4: (Dollars in Thousands) | P4: end of line | R4: Do NOT change font, font size and other display settings.
P5: end of line
A6: Grants | B6: Prevention & Prosecution of Violence Against Women | H6: Decision Unit 2 | P6: end of line
B7: Prevention & Prosecution of Violence Against Women | D7: Prevention & Prosecution of Violence Against Women | F7: Prevention & Prosecution of Violence Against Women | H7: Program Increase 1 | J7: Program Increase 2 | L7: Program Offsets | P7: end of line
B8: Direct Pos. | C8: Amount | D8: Direct Pos. | E8: Amount | F8: Direct Pos. | G8: Amount | H8: Direct Pos. | I8: Amount | J8: Direct Pos. | K8: Amount | L8: Direct Pos. | M8: Amount | P8: end of line | R8: Insert Direct Positions and Amount columns for each additional increase for each DU.
H9: 0 | I9: 0 | J9: 0 | K9: 0 | L9: 0 | M9: 0 | P9: end of line | R9: If number of columns needed for programs exceed 14, then display each DU on separate section. Insert page break in between.
A10: GS-15 | B10: 0 | C10: 0 | D10: 0 | E10: 0 | F10: 0 | G10: 0 | H10: 0 | I10: 0 | J10: 0 | K10: 0 | L10: 0 | M10: 0 | P10: end of line
A11: GS-14 | B11: 0 | C11: 0 | D11: 0 | E11: 0 | F11: 0 | G11: 0 | H11: 0 | I11: 0 | J11: 0 | K11: 0 | L11: 0 | M11: 0 | P11: end of line
A12: GS-13 | B12: 0 | C12: 0 | D12: 0 | E12: 0 | F12: 0 | G12: 0 | H12: 0 | I12: 0 | J12: 0 | K12: 0 | L12: 0 | M12: 0 | P12: end of line | R12: Direct Positions and Amount of each program must agree with exhibits B and C.
A13: GS-12 | B13: 0 | C13: 0 | D13: 0 | E13: 0 | F13: 0 | G13: 0 | H13: 0 | I13: 0 | J13: 0 | K13: 0 | L13: 0 | M13: 0 | P13: end of line | R13: Total Program Changes Direct Positions and/or Amounts must agree with Program Changes sections of exhibits D and I.
A14: GS-11 | B14: 0 | C14: 0 | D14: 0 | E14: 0 | F14: 0 | G14: 0 | H14: 0 | I14: 0 | J14: 0 | K14: 0 | L14: 0 | M14: 0 | P14: end of line
A15: GS-10 | B15: 0 | C15: 0 | D15: 0 | E15: 0 | F15: 0 | G15: 0 | H15: 0 | I15: 0 | J15: 0 | K15: 0 | L15: 0 | M15: 0 | P15: end of line
A16: GS-9 | B16: 0 | C16: 0 | D16: 0 | E16: 0 | F16: 0 | G16: 0 | H16: 0 | I16: 0 | J16: 0 | K16: 0 | L16: 0 | M16: 0 | P16: end of line
A17: GS-8 | B17: 0 | C17: 0 | D17: 0 | E17: 0 | F17: 0 | G17: 0 | H17: 0 | I17: 0 | J17: 0 | K17: 0 | L17: 0 | M17: 0 | P17: end of line
A18: GS-7 | B18: 0 | C18: 0 | D18: 0 | E18: 0 | F18: 0 | G18: 0 | H18: 0 | I18: 0 | J18: 0 | K18: 0 | L18: 0 | M18: 0 | P18: end of line
A19: GS-6 | B19: 0 | C19: 0 | D19: 0 | E19: 0 | F19: 0 | G19: 0 | H19: 0 | I19: 0 | J19: 0 | K19: 0 | L19: 0 | M19: 0 | P19: end of line
A20: GS-5 | B20: 0 | C20: 0 | D20: 0 | E20: 0 | F20: 0 | G20: 0 | H20: 0 | I20: 0 | J20: 0 | K20: 0 | L20: 0 | M20: 0 | P20: end of line
A21: Total Positions and Annual Amount | B21: =SUM(B9:B20) -> 0 | C21: =SUM(C9:C20) -> 0 | D21: =SUM(D9:D20) -> 0 | E21: =SUM(E9:E20) -> 0 | F21: =SUM(F9:F20) -> 0 | G21: =SUM(G9:G20) -> 0 | H21: =SUM(H9:H20) -> 0 | I21: =SUM(I9:I20) -> 0 | ... M21: =SUM(M9:M20) -> 0 | P21: end of line
A22: Lapse (-) | B22: =-B21*0.5 -> 0 | C22: =-C21*0.5 -> 0 | D22: =-D21*0.5 -> 0 | E22: =-E21*0.5 -> 0 | F22: =-F21*0.5 -> 0 | H22: =-H21*0.5 -> 0 | I22: =-I21*0.5 -> 0 | J22: =-J21*0.5 -> 0 | K22: =-K21*0.5 -> 0 | L22: =-L21*0.5 -> 0 | P22: end of line | R22: Lapse represents 50% of total positions and annual rate. If lapse <> 50%, provide lapse rate justification.
A23: 11.5 Other Personnel Compensation | C23: 0 | E23: 0 | G23: 0 | I23: 0 | K23: 0 | M23: 0 | P23: end of line | R23: Personnel benefits must agree with benefit % used in modular costs.
A24: Total FTEs and Personnel Compensation | B24: =SUM(B21:B23) -> 0 | C24: =SUM(C21:C23) -> 0 | D24: =SUM(D21:D23) -> 0 | E24: =SUM(E21:E23) -> 0 | F24: =SUM(F21:F23) -> 0 | G24: =SUM(G21:G23) -> 0 | H24: =SUM(H21:H23) -> 0 | I24: =SUM(I21:I23) -> 0 | ... M24: =SUM(M21:M23) -> 0 | P24: end of line
A25: Grants | B25: 0 | C25: 19500 | D25: 0 | E25: 0 | G25: 0 | I25: 0 | K25: 0 | M25: 0 | P25: end of line
A26: 21.0 Travel and Transportation of Persons | C26: 0 | E26: 0 | G26: 0 | I26: 0 | K26: 0 | M26: 0 | P26: end of line
A27: 22.0 Transportation of Things | C27: 0 | E27: 0 | G27: 0 | I27: 0 | K27: 0 | M27: 0 | P27: end of line
A28: 23.1 Rental Payments to GSA | C28: 0 | E28: 0 | G28: 0 | I28: 0 | K28: 0 | M28: 0 | P28: end of line
A29: 23.3 Communications, Utilities, and Miscellaneous Charges | C29: 0 | E29: 0 | G29: 0 | I29: 0 | K29: 0 | M29: 0 | P29: end of line
A30: 24.0 Printing and Reproduction | C30: 0 | E30: 0 | G30: 0 | I30: 0 | K30: 0 | M30: 0 | P30: end of line
A31: 25.1 Advisory and Assistance Services | C31: 0 | E31: 0 | G31: 0 | I31: 0 | K31: 0 | M31: 0 | P31: end of line
A32: 25.2 Other Services from Non-Federal Sources | C32: 0 | E32: 0 | G32: 0 | I32: 0 | K32: 0 | M32: 0 | P32: end of line
A33: 25.3 Other Goods and Services from Federal Sources | C33: 0 | E33: 0 | G33: 0 | I33: 0 | K33: 0 | M33: 0 | P33: end of line
A34: 25.5 Research and Development Contracts | C34: 0 | E34: 0 | G34: 0 | I34: 0 | K34: 0 | M34: 0 | P34: end of line
A35: 25.7 Operation and Maintenance of Equipment | C35: 0 | E35: 0 | G35: 0 | I35: 0 | K35: 0 | M35: 0 | P35: end of line
A36: 26.0 Supplies and Materials | C36: 0 | E36: 0 | G36: 0 | I36: 0 | K36: 0 | M36: 0 | P36: end of line
A37: 31.0 Equipment | C37: 0 | E37: 0 | G37: 0 | I37: 0 | K37: 0 | M37: 0 | P37: end of line
A38: Total Program Change Requests | B38: =SUM(B24:B37) -> 0 | C38: =SUM(C24:C37) -> 19500 | D38: =SUM(D24:D37) -> 0 | E38: =SUM(E24:E37) -> 0 | F38: =SUM(F24:F37) -> 0 | G38: =SUM(G24:G37) -> 0 | H38: =SUM(H24:H37) -> 0 | I38: =SUM(I24:I37) -> 0 | ... M38: =SUM(M24:M37) -> 0 | P38: end of line
P39: end of line
P40: end of line
A41: Grades | B41: Decision Unit 3 | H41: Decision Unit 4 | N41: Total Program Changes | P41: end of line
B42: Program Increase 1 | D42: Program Increase 2 | F42: Program Offsets | H42: Program Increase 1 | J42: Program Increase 2 | L42: Program Offsets | P42: end of line
B43: Direct Pos. | C43: Amount | D43: Direct Pos. | E43: Amount | F43: Direct Pos. | G43: Amount | H43: Direct Pos. | I43: Amount | J43: Direct Pos. | K43: Amount | L43: Direct Pos. | M43: Amount | N43: Direct Pos. | O43: Amount | P43: end of line
A44: SES | B44: 0 | C44: 0 | D44: 0 | E44: 0 | F44: 0 | G44: 0 | H44: 0 | I44: 0 | J44: 0 | K44: 0 | L44: 0 | M44: 0 | N44: =B9+D9+F9+H9+J9+L9+B44+D44+F44+H44+J44+L44 -> 0 | O44: =C9+E9+G9+I9+K9+M9+C44+E44+G44+I44+K44+M44 -> 0 | P44: end of line
A45: GS-15 | B45: 0 | C45: 0 | D45: 0 | E45: 0 | F45: 0 | G45: 0 | H45: 0 | I45: 0 | J45: 0 | K45: 0 | L45: 0 | M45: 0 | N45: =B10+D10+F10+H10+J10+L10+B45+D45+F45+H45+J45+L45 -> 0 | O45: =C10+E10+G10+I10+K10+M10+C45+E45+G45+I45+K45+M45 -> 0 | P45: end of line
A46: GS-14 | B46: 0 | C46: 0 | D46: 0 | E46: 0 | F46: 0 | G46: 0 | H46: 0 | I46: 0 | J46: 0 | K46: 0 | L46: 0 | M46: 0 | N46: =B11+D11+F11+H11+J11+L11+B46+D46+F46+H46+J46+L46 -> 0 | O46: =C11+E11+G11+I11+K11+M11+C46+E46+G46+I46+K46+M46 -> 0 | P46: end of line
A47: GS-13 | B47: 0 | C47: 0 | D47: 0 | E47: 0 | F47: 0 | G47: 0 | H47: 0 | I47: 0 | J47: 0 | K47: 0 | L47: 0 | M47: 0 | N47: =B12+D12+F12+H12+J12+L12+B47+D47+F47+H47+J47+L47 -> 0 | O47: =C12+E12+G12+I12+K12+M12+C47+E47+G47+I47+K47+M47 -> 0 | P47: end of line
A48: GS-12 | B48: 0 | C48: 0 | D48: 0 | E48: 0 | F48: 0 | G48: 0 | H48: 0 | I48: 0 | J48: 0 | K48: 0 | L48: 0 | M48: 0 | N48: =B13+D13+F13+H13+J13+L13+B48+D48+F48+H48+J48+L48 -> 0 | O48: =C13+E13+G13+I13+K13+M13+C48+E48+G48+I48+K48+M48 -> 0 | P48: end of line
A49: GS-11 | B49: 0 | C49: 0 | D49: 0 | E49: 0 | F49: 0 | G49: 0 | H49: 0 | I49: 0 | J49: 0 | K49: 0 | L49: 0 | M49: 0 | N49: =B14+D14+F14+H14+J14+L14+B49+D49+F49+H49+J49+L49 -> 0 | O49: =C14+E14+G14+I14+K14+M14+C49+E49+G49+I49+K49+M49 -> 0 | P49: end of line
A50: GS-10 | B50: 0 | C50: 0 | D50: 0 | E50: 0 | F50: 0 | G50: 0 | H50: 0 | I50: 0 | J50: 0 | K50: 0 | L50: 0 | M50: 0 | N50: =B15+D15+F15+H15+J15+L15+B50+D50+F50+H50+J50+L50 -> 0 | O50: =C15+E15+G15+I15+K15+M15+C50+E50+G50+I50+K50+M50 -> 0 | P50: end of line
A51: GS-9 | B51: 0 | C51: 0 | D51: 0 | E51: 0 | F51: 0 | G51: 0 | H51: 0 | I51: 0 | J51: 0 | K51: 0 | L51: 0 | M51: 0 | N51: =B16+D16+F16+H16+J16+L16+B51+D51+F51+H51+J51+L51 -> 0 | O51: =C16+E16+G16+I16+K16+M16+C51+E51+G51+I51+K51+M51 -> 0 | P51: end of line
A52: GS-8 | B52: 0 | C52: 0 | D52: 0 | E52: 0 | F52: 0 | G52: 0 | H52: 0 | I52: 0 | J52: 0 | K52: 0 | L52: 0 | M52: 0 | N52: =B17+D17+F17+H17+J17+L17+B52+D52+F52+H52+J52+L52 -> 0 | O52: =C17+E17+G17+I17+K17+M17+C52+E52+G52+I52+K52+M52 -> 0 | P52: end of line
A53: GS-7 | B53: 0 | C53: 0 | D53: 0 | E53: 0 | F53: 0 | G53: 0 | H53: 0 | I53: 0 | J53: 0 | K53: 0 | L53: 0 | M53: 0 | N53: =B18+D18+F18+H18+J18+L18+B53+D53+F53+H53+J53+L53 -> 0 | O53: =C18+E18+G18+I18+K18+M18+C53+E53+G53+I53+K53+M53 -> 0 | P53: end of line
A54: GS-6 | B54: 0 | C54: 0 | D54: 0 | E54: 0 | F54: 0 | G54: 0 | H54: 0 | I54: 0 | J54: 0 | K54: 0 | L54: 0 | M54: 0 | N54: =B19+D19+F19+H19+J19+L19+B54+D54+F54+H54+J54+L54 -> 0 | O54: =C19+E19+G19+I19+K19+M19+C54+E54+G54+I54+K54+M54 -> 0 | P54: end of line
A55: GS-5 | B55: 0 | C55: 0 | D55: 0 | E55: 0 | F55: 0 | G55: 0 | H55: 0 | I55: 0 | J55: 0 | K55: 0 | L55: 0 | M55: 0 | N55: =B20+D20+F20+H20+J20+L20+B55+D55+F55+H55+J55+L55 -> 0 | O55: =C20+E20+G20+I20+K20+M20+C55+E55+G55+I55+K55+M55 -> 0 | P55: end of line
A56: Total Positions and Annual Amount | B56: =SUM(B44:B55) -> 0 | C56: =SUM(C44:C55) -> 0 | D56: =SUM(D44:D55) -> 0 | E56: =SUM(E44:E55) -> 0 | F56: =SUM(F44:F55) -> 0 | G56: =SUM(G44:G55) -> 0 | H56: =SUM(H44:H55) -> 0 | I56: =SUM(I44:I55) -> 0 | ... M56: =SUM(M44:M55) -> 0 | N56: =B21+D21+F21+H21+J21+L21+B56+D56+F56+H56+J56+L56 -> 0 | O56: =C21+E21+G21+I21+K21+M21+C56+E56+G56+I56+K56+M56 -> 0 | P56: end of line
A57: Lapse (-) | B57: =-B56*0.5 -> 0 | C57: =-C56*0.5 -> 0 | D57: =-D56*0.5 -> 0 | E57: =-E56*0.5 -> 0 | F57: =-F56*0.5 -> 0 | H57: =-H56*0.5 -> 0 | I57: =-I56*0.5 -> 0 | J57: =-J56*0.5 -> 0 | K57: =-K56*0.5 -> 0 | L57: =-L56*0.5 -> 0 | N57: =B22+D22+F22+H22+J22+L22+B57+D57+F57+H57+J57+L57 -> 0 | O57: =C22+E22+G22+I22+K22+M22+C57+E57+G57+I57+K57+M57 -> 0 | P57: end of line
A58: 11.5 Other Personnel Compensation | C58: 0 | E58: 0 | G58: 0 | I58: 0 | K58: 0 | M58: 0 | O58: =C23+E23+G23+I23+K23+M23+C58+E58+G58+I58+K58+M58 -> 0 | P58: end of line
A59: Total FTEs and Personnel Compensation | B59: =SUM(B56:B58) -> 0 | C59: =SUM(C56:C58) -> 0 | D59: =SUM(D56:D58) -> 0 | E59: =SUM(E56:E58) -> 0 | F59: =SUM(F56:F58) -> 0 | G59: =SUM(G56:G58) -> 0 | H59: =SUM(H56:H58) -> 0 | I59: =SUM(I56:I58) -> 0 | ... M59: =SUM(M56:M58) -> 0 | N59: =B24+D24+F24+H24+J24+L24+B59+D59+F59+H59+J59+L59 -> 0 | O59: =C24+E24+G24+I24+K24+M24+C59+E59+G59+I59+K59+M59 -> 0 | P59: end of line
A60: 13.0 Benefits for former personnel | C60: 0 | E60: 0 | G60: 0 | I60: 0 | K60: 0 | M60: 0 | O60: =C25+E25+G25+I25+K25+M25+C60+E60+G60+I60+K60+M60 -> 19500 | P60: end of line
A61: 21.0 Travel and Transportation of Persons | C61: 0 | E61: 0 | G61: 0 | I61: 0 | K61: 0 | M61: 0 | O61: =C26+E26+G26+I26+K26+M26+C61+E61+G61+I61+K61+M61 -> 0 | P61: end of line
A62: 22.0 Transportation of Things | C62: 0 | E62: 0 | G62: 0 | I62: 0 | K62: 0 | M62: 0 | O62: =C27+E27+G27+I27+K27+M27+C62+E62+G62+I62+K62+M62 -> 0 | P62: end of line
A63: 23.1 Rental Payments to GSA | C63: 0 | E63: 0 | G63: 0 | I63: 0 | K63: 0 | M63: 0 | O63: =C28+E28+G28+I28+K28+M28+C63+E63+G63+I63+K63+M63 -> 0 | P63: end of line
A64: 23.3 Communications, Utilities, and Miscellaneous Charges | C64: 0 | E64: 0 | G64: 0 | I64: 0 | K64: 0 | M64: 0 | O64: =C29+E29+G29+I29+K29+M29+C64+E64+G64+I64+K64+M64 -> 0 | P64: end of line
A65: 24.0 Printing and Reproduction | C65: 0 | E65: 0 | G65: 0 | I65: 0 | K65: 0 | M65: 0 | O65: =C30+E30+G30+I30+K30+M30+C65+E65+G65+I65+K65+M65 -> 0 | P65: end of line
A66: 25.1 Advisory and Assistance Services | C66: 0 | E66: 0 | G66: 0 | I66: 0 | K66: 0 | M66: 0 | O66: =C31+E31+G31+I31+K31+M31+C66+E66+G66+I66+K66+M66 -> 0 | P66: end of line
A67: 25.2 Other Services from Non-Federal Sources | C67: 0 | E67: 0 | G67: 0 | I67: 0 | K67: 0 | M67: 0 | O67: =C32+E32+G32+I32+K32+M32+C67+E67+G67+I67+K67+M67 -> 0 | P67: end of line
A68: 25.3 Other Goods and Services from Federal Sources | C68: 0 | E68: 0 | G68: 0 | I68: 0 | K68: 0 | M68: 0 | O68: =C33+E33+G33+I33+K33+M33+C68+E68+G68+I68+K68+M68 -> 0 | P68: end of line
A69: 25.5 Research and Development Contracts | C69: 0 | E69: 0 | G69: 0 | I69: 0 | K69: 0 | M69: 0 | O69: =C34+E34+G34+I34+K34+M34+C69+E69+G69+I69+K69+M69 -> 0 | P69: end of line
A70: 25.7 Operation and Maintenance of Equipment | C70: 0 | E70: 0 | G70: 0 | I70: 0 | K70: 0 | M70: 0 | O70: =C35+E35+G35+I35+K35+M35+C70+E70+G70+I70+K70+M70 -> 0 | P70: end of line
A71: 26.0 Supplies and Materials | C71: 0 | E71: 0 | G71: 0 | I71: 0 | K71: 0 | M71: 0 | O71: =C36+E36+G36+I36+K36+M36+C71+E71+G71+I71+K71+M71 -> 0 | P71: end of line
A72: 31.0 Equipment | C72: 0 | E72: 0 | G72: 0 | I72: 0 | K72: 0 | M72: 0 | O72: =C37+E37+G37+I37+K37+M37+C72+E72+G72+I72+K72+M72 -> 0 | P72: end of line
A73: Total Program Change Requests | B73: =SUM(B59:B72) -> 0 | C73: =SUM(C59:C72) -> 0 | D73: =SUM(D59:D72) -> 0 | E73: =SUM(E59:E72) -> 0 | F73: =SUM(F59:F72) -> 0 | G73: =SUM(G59:G72) -> 0 | H73: =SUM(H59:H72) -> 0 | I73: =SUM(I59:I72) -> 0 | ... O73: =SUM(O59:O72) -> 19500 | P73: end of line
P74: end of sheet

Sheet J. Financial Analysis (2)
A1: Financial Analysis of Program Changes | P1: end of line
A2: ='B. Summ of Req.'!A2:D2 -> Office on Violence Against Women | P2: end of line
A3: ='B. Summ of Req.'!A3:D3 -> Grant Programs | P3: end of line
A4: (Dollars in Thousands) | P4: end of line
P5: end of line
A6: Grades | B6: Decision Unit 1 | H6: Decision Unit 2 | P6: end of line
B7: Program Increase 1 | D7: Program Increase 2 | F7: Program Offsets | H7: Program Increase 1 | J7: Program Increase 2 | L7: Program Offsets | P7: end of line
B8: Direct Pos. | C8: Amount | D8: Direct Pos. | E8: Amount | F8: Direct Pos. | G8: Amount | H8: Direct Pos. | I8: Amount | J8: Direct Pos. | K8: Amount | L8: Direct Pos. | M8: Amount | P8: end of line
A9: SES | B9: 0 | C9: 0 | D9: 0 | E9: 0 | F9: 0 | G9: 0 | H9: 0 | I9: 0 | J9: 0 | K9: 0 | L9: 0 | M9: 0 | P9: end of line
A10: GS-15 | B10: 0 | C10: 0 | D10: 0 | E10: 0 | F10: 0 | G10: 0 | H10: 0 | I10: 0 | J10: 0 | K10: 0 | L10: 0 | M10: 0 | P10: end of line
A11: GS-14 | B11: 0 | C11: 0 | D11: 0 | E11: 0 | F11: 0 | G11: 0 | H11: 0 | I11: 0 | J11: 0 | K11: 0 | L11: 0 | M11: 0 | P11: end of line
A12: GS-13 | B12: 0 | C12: 0 | D12: 0 | E12: 0 | F12: 0 | G12: 0 | H12: 0 | I12: 0 | J12: 0 | K12: 0 | L12: 0 | M12: 0 | P12: end of line
A13: GS-12 | B13: 0 | C13: 0 | D13: 0 | E13: 0 | F13: 0 | G13: 0 | H13: 0 | I13: 0 | J13: 0 | K13: 0 | L13: 0 | M13: 0 | P13: end of line
A14: GS-11 | B14: 0 | C14: 0 | D14: 0 | E14: 0 | F14: 0 | G14: 0 | H14: 0 | I14: 0 | J14: 0 | K14: 0 | L14: 0 | M14: 0 | P14: end of line
A15: GS-10 | B15: 0 | C15: 0 | D15: 0 | E15: 0 | F15: 0 | G15: 0 | H15: 0 | I15: 0 | J15: 0 | K15: 0 | L15: 0 | M15: 0 | P15: end of line
A16: GS-9 | B16: 0 | C16: 0 | D16: 0 | E16: 0 | F16: 0 | G16: 0 | H16: 0 | I16: 0 | J16: 0 | K16: 0 | L16: 0 | M16: 0 | P16: end of line
A17: GS-8 | B17: 0 | C17: 0 | D17: 0 | E17: 0 | F17: 0 | G17: 0 | H17: 0 | I17: 0 | J17: 0 | K17: 0 | L17: 0 | M17: 0 | P17: end of line
A18: GS-7 | B18: 0 | C18: 0 | D18: 0 | E18: 0 | F18: 0 | G18: 0 | H18: 0 | I18: 0 | J18: 0 | K18: 0 | L18: 0 | M18: 0 | P18: end of line
A19: GS-6 | B19: 0 | C19: 0 | D19: 0 | E19: 0 | F19: 0 | G19: 0 | H19: 0 | I19: 0 | J19: 0 | K19: 0 | L19: 0 | M19: 0 | P19: end of line
A20: GS-5 | B20: 0 | C20: 0 | D20: 0 | E20: 0 | F20: 0 | G20: 0 | H20: 0 | I20: 0 | J20: 0 | K20: 0 | L20: 0 | M20: 0 | P20: end of line
A21: Total Positions and Annual Amount | B21: =SUM(B9:B20) -> 0 | C21: =SUM(C9:C20) -> 0 | D21: =SUM(D9:D20) -> 0 | E21: =SUM(E9:E20) -> 0 | F21: =SUM(F9:F20) -> 0 | G21: =SUM(G9:G20) -> 0 | H21: =SUM(H9:H20) -> 0 | I21: =SUM(I9:I20) -> 0 | ... M21: =SUM(M9:M20) -> 0 | P21: end of line
A22: Lapse (-) | B22: =-B21*0.5 -> 0 | C22: =-C21*0.5 -> 0 | D22: =-D21*0.5 -> 0 | E22: =-E21*0.5 -> 0 | F22: =-F21*0.5 -> 0 | H22: =-H21*0.5 -> 0 | I22: =-I21*0.5 -> 0 | J22: =-J21*0.5 -> 0 | K22: =-K21*0.5 -> 0 | L22: =-L21*0.5 -> 0 | P22: end of line
A23: 11.5 Other Personnel Compensation | C23: 0 | E23: 0 | G23: 0 | I23: 0 | K23: 0 | M23: 0 | P23: end of line
A24: Total FTEs and Personnel Compensation | B24: =SUM(B21:B23) -> 0 | C24: =SUM(C21:C23) -> 0 | D24: =SUM(D21:D23) -> 0 | E24: =SUM(E21:E23) -> 0 | F24: =SUM(F21:F23) -> 0 | G24: =SUM(G21:G23) -> 0 | H24: =SUM(H21:H23) -> 0 | I24: =SUM(I21:I23) -> 0 | ... M24: =SUM(M21:M23) -> 0 | P24: end of line
A25: 13.0 Benefits for former personnel | C25: 0 | E25: 0 | G25: 0 | I25: 0 | K25: 0 | M25: 0 | P25: end of line
A26: 21.0 Travel and Transportation of Persons | C26: 0 | E26: 0 | G26: 0 | I26: 0 | K26: 0 | M26: 0 | P26: end of line
A27: 22.0 Transportation of Things | C27: 0 | E27: 0 | G27: 0 | I27: 0 | K27: 0 | M27: 0 | P27: end of line
A28: 23.1 Rental Payments to GSA | C28: 0 | E28: 0 | G28: 0 | I28: 0 | K28: 0 | M28: 0 | P28: end of line
A29: 23.3 Communications, Utilities, and Miscellaneous Charges | C29: 0 | E29: 0 | G29: 0 | I29: 0 | K29: 0 | M29: 0 | P29: end of line
A30: 24.0 Printing and Reproduction | C30: 0 | E30: 0 | G30: 0 | I30: 0 | K30: 0 | M30: 0 | P30: end of line
A31: 25.1 Advisory and Assistance Services | C31: 0 | E31: 0 | G31: 0 | I31: 0 | K31: 0 | M31: 0 | P31: end of line
A32: 25.2 Other Services from Non-Federal Sources | C32: 0 | E32: 0 | G32: 0 | I32: 0 | K32: 0 | M32: 0 | P32: end of line
A33: 25.3 Other Goods and Services from Federal Sources | C33: 0 | E33: 0 | G33: 0 | I33: 0 | K33: 0 | M33: 0 | P33: end of line
A34: 25.5 Research and Development Contracts | C34: 0 | E34: 0 | G34: 0 | I34: 0 | K34: 0 | M34: 0 | P34: end of line
A35: 25.7 Operation and Maintenance of Equipment | C35: 0 | E35: 0 | G35: 0 | I35: 0 | K35: 0 | M35: 0 | P35: end of line
A36: 26.0 Supplies and Materials | C36: 0 | E36: 0 | G36: 0 | I36: 0 | K36: 0 | M36: 0 | P36: end of line
A37: 31.0 Equipment | C37: 0 | E37: 0 | G37: 0 | I37: 0 | K37: 0 | M37: 0 | P37: end of line
A38: Total Program Change Requests | B38: =SUM(B24:B37) -> 0 | C38: =SUM(C24:C37) -> 0 | D38: =SUM(D24:D37) -> 0 | E38: =SUM(E24:E37) -> 0 | F38: =SUM(F24:F37) -> 0 | G38: =SUM(G24:G37) -> 0 | H38: =SUM(H24:H37) -> 0 | I38: =SUM(I24:I37) -> 0 | ... M38: =SUM(M24:M37) -> 0 | P38: end of line
P39: end of line
P40: end of line
A41: Grant Programs | B41: Prevention & Prosecution of Violence Against Women | H41: Decision Unit 4 | N41: Total Program Changes | P41: end of line
B42: Program Increase | D42: Program Increase 2 | F42: Program Offsets | H42: Program Increase 1 | J42: Program Increase 2 | L42: Program Offsets | P42: end of line
B43: Direct Pos. | C43: Amount | D43: Direct Pos. | E43: Amount | F43: Direct Pos. | G43: Amount | H43: Direct Pos. | I43: Amount | J43: Direct Pos. | K43: Amount | L43: Direct Pos. | M43: Amount | N43: Direct Pos. | O43: Amount | P43: end of line
A44: SES | B44: 0 | C44: 0 | D44: 0 | E44: 0 | F44: 0 | G44: 0 | H44: 0 | I44: 0 | J44: 0 | K44: 0 | L44: 0 | M44: 0 | N44: =B9+D9+F9+H9+J9+L9+B44+D44+F44+H44+J44+L44 -> 0 | O44: =C9+E9+G9+I9+K9+M9+C44+E44+G44+I44+K44+M44 -> 0 | P44: end of line
A45: GS-15 | B45: 0 | C45: 0 | D45: 0 | E45: 0 | F45: 0 | G45: 0 | H45: 0 | I45: 0 | J45: 0 | K45: 0 | L45: 0 | M45: 0 | N45: =B10+D10+F10+H10+J10+L10+B45+D45+F45+H45+J45+L45 -> 0 | O45: =C10+E10+G10+I10+K10+M10+C45+E45+G45+I45+K45+M45 -> 0 | P45: end of line
A46: GS-14 | B46: 0 | C46: 0 | D46: 0 | E46: 0 | F46: 0 | G46: 0 | H46: 0 | I46: 0 | J46: 0 | K46: 0 | L46: 0 | M46: 0 | N46: =B11+D11+F11+H11+J11+L11+B46+D46+F46+H46+J46+L46 -> 0 | O46: =C11+E11+G11+I11+K11+M11+C46+E46+G46+I46+K46+M46 -> 0 | P46: end of line
A47: GS-13 | B47: 0 | C47: 0 | D47: 0 | E47: 0 | F47: 0 | G47: 0 | H47: 0 | I47: 0 | J47: 0 | K47: 0 | L47: 0 | M47: 0 | N47: =B12+D12+F12+H12+J12+L12+B47+D47+F47+H47+J47+L47 -> 0 | O47: =C12+E12+G12+I12+K12+M12+C47+E47+G47+I47+K47+M47 -> 0 | P47: end of line
A48: GS-12 | B48: 0 | C48: 0 | D48: 0 | E48: 0 | F48: 0 | G48: 0 | H48: 0 | I48: 0 | J48: 0 | K48: 0 | L48: 0 | M48: 0 | N48: =B13+D13+F13+H13+J13+L13+B48+D48+F48+H48+J48+L48 -> 0 | O48: =C13+E13+G13+I13+K13+M13+C48+E48+G48+I48+K48+M48 -> 0 | P48: end of line
A49: GS-11 | B49: 0 | C49: 0 | D49: 0 | E49: 0 | F49: 0 | G49: 0 | H49: 0 | I49: 0 | J49: 0 | K49: 0 | L49: 0 | M49: 0 | N49: =B14+D14+F14+H14+J14+L14+B49+D49+F49+H49+J49+L49 -> 0 | O49: =C14+E14+G14+I14+K14+M14+C49+E49+G49+I49+K49+M49 -> 0 | P49: end of line
A50: GS-10 | B50: 0 | C50: 0 | D50: 0 | E50: 0 | F50: 0 | G50: 0 | H50: 0 | I50: 0 | J50: 0 | K50: 0 | L50: 0 | M50: 0 | N50: =B15+D15+F15+H15+J15+L15+B50+D50+F50+H50+J50+L50 -> 0 | O50: =C15+E15+G15+I15+K15+M15+C50+E50+G50+I50+K50+M50 -> 0 | P50: end of line
A51: GS-9 | B51: 0 | C51: 0 | D51: 0 | E51: 0 | F51: 0 | G51: 0 | H51: 0 | I51: 0 | J51: 0 | K51: 0 | L51: 0 | M51: 0 | N51: =B16+D16+F16+H16+J16+L16+B51+D51+F51+H51+J51+L51 -> 0 | O51: =C16+E16+G16+I16+K16+M16+C51+E51+G51+I51+K51+M51 -> 0 | P51: end of line
A52: GS-8 | B52: 0 | C52: 0 | D52: 0 | E52: 0 | F52: 0 | G52: 0 | H52: 0 | I52: 0 | J52: 0 | K52: 0 | L52: 0 | M52: 0 | N52: =B17+D17+F17+H17+J17+L17+B52+D52+F52+H52+J52+L52 -> 0 | O52: =C17+E17+G17+I17+K17+M17+C52+E52+G52+I52+K52+M52 -> 0 | P52: end of line
A53: GS-7 | B53: 0 | C53: 0 | D53: 0 | E53: 0 | F53: 0 | G53: 0 | H53: 0 | I53: 0 | J53: 0 | K53: 0 | L53: 0 | M53: 0 | N53: =B18+D18+F18+H18+J18+L18+B53+D53+F53+H53+J53+L53 -> 0 | O53: =C18+E18+G18+I18+K18+M18+C53+E53+G53+I53+K53+M53 -> 0 | P53: end of line
A54: GS-6 | B54: 0 | C54: 0 | D54: 0 | E54: 0 | F54: 0 | G54: 0 | H54: 0 | I54: 0 | J54: 0 | K54: 0 | L54: 0 | M54: 0 | N54: =B19+D19+F19+H19+J19+L19+B54+D54+F54+H54+J54+L54 -> 0 | O54: =C19+E19+G19+I19+K19+M19+C54+E54+G54+I54+K54+M54 -> 0 | P54: end of line
A55: GS-5 | B55: 0 | C55: 0 | D55: 0 | E55: 0 | F55: 0 | G55: 0 | H55: 0 | I55: 0 | J55: 0 | K55: 0 | L55: 0 | M55: 0 | N55: =B20+D20+F20+H20+J20+L20+B55+D55+F55+H55+J55+L55 -> 0 | O55: =C20+E20+G20+I20+K20+M20+C55+E55+G55+I55+K55+M55 -> 0 | P55: end of line
A56: Total Positions and Annual Amount | B56: =SUM(B44:B55) -> 0 | C56: =SUM(C44:C55) -> 0 | D56: =SUM(D44:D55) -> 0 | E56: =SUM(E44:E55) -> 0 | F56: =SUM(F44:F55) -> 0 | G56: =SUM(G44:G55) -> 0 | H56: =SUM(H44:H55) -> 0 | I56: =SUM(I44:I55) -> 0 | ... M56: =SUM(M44:M55) -> 0 | N56: =B21+D21+F21+H21+J21+L21+B56+D56+F56+H56+J56+L56 -> 0 | O56: =C21+E21+G21+I21+K21+M21+C56+E56+G56+I56+K56+M56 -> 0 | P56: end of line
A57: Lapse (-) | B57: =-B56*0.5 -> 0 | C57: =-C56*0.5 -> 0 | D57: =-D56*0.5 -> 0 | E57: =-E56*0.5 -> 0 | F57: =-F56*0.5 -> 0 | H57: =-H56*0.5 -> 0 | I57: =-I56*0.5 -> 0 | J57: =-J56*0.5 -> 0 | K57: =-K56*0.5 -> 0 | L57: =-L56*0.5 -> 0 | N57: =B22+D22+F22+H22+J22+L22+B57+D57+F57+H57+J57+L57 -> 0 | O57: =C22+E22+G22+I22+K22+M22+C57+E57+G57+I57+K57+M57 -> 0 | P57: end of line
A58: 11.5 Other Personnel Compensation | C58: 0 | E58: 0 | G58: 0 | I58: 0 | K58: 0 | M58: 0 | O58: =C23+E23+G23+I23+K23+M23+C58+E58+G58+I58+K58+M58 -> 0 | P58: end of line
A59: Total FTEs and Personnel Compensation | B59: =SUM(B56:B58) -> 0 | C59: =SUM(C56:C58) -> 0 | D59: =SUM(D56:D58) -> 0 | E59: =SUM(E56:E58) -> 0 | F59: =SUM(F56:F58) -> 0 | G59: =SUM(G56:G58) -> 0 | H59: =SUM(H56:H58) -> 0 | I59: =SUM(I56:I58) -> 0 | ... M59: =SUM(M56:M58) -> 0 | N59: =B24+D24+F24+H24+J24+L24+B59+D59+F59+H59+J59+L59 -> 0 | O59: =C24+E24+G24+I24+K24+M24+C59+E59+G59+I59+K59+M59 -> 0 | P59: end of line
A60: Grants | C60: 19500 | E60: 0 | G60: -19500 | I60: 0 | K60: 0 | M60: 0 | O60: =C25+E25+G25+I25+K25+M25+C60+E60+G60+I60+K60+M60 -> 0 | P60: end of line
A61: 21.0 Travel and Transportation of Persons | C61: 0 | E61: 0 | G61: 0 | I61: 0 | K61: 0 | M61: 0 | O61: =C26+E26+G26+I26+K26+M26+C61+E61+G61+I61+K61+M61 -> 0 | P61: end of line
A62: 22.0 Transportation of Things | C62: 0 | E62: 0 | G62: 0 | I62: 0 | K62: 0 | M62: 0 | O62: =C27+E27+G27+I27+K27+M27+C62+E62+G62+I62+K62+M62 -> 0 | P62: end of line
A63: 23.1 Rental Payments to GSA | C63: 0 | E63: 0 | G63: 0 | I63: 0 | K63: 0 | M63: 0 | O63: =C28+E28+G28+I28+K28+M28+C63+E63+G63+I63+K63+M63 -> 0 | P63: end of line
A64: 23.3 Communications, Utilities, and Miscellaneous Charges | C64: 0 | E64: 0 | G64: 0 | I64: 0 | K64: 0 | M64: 0 | O64: =C29+E29+G29+I29+K29+M29+C64+E64+G64+I64+K64+M64 -> 0 | P64: end of line
A65: 24.0 Printing and Reproduction | C65: 0 | E65: 0 | G65: 0 | I65: 0 | K65: 0 | M65: 0 | O65: =C30+E30+G30+I30+K30+M30+C65+E65+G65+I65+K65+M65 -> 0 | P65: end of line
A66: 25.1 Advisory and Assistance Services | C66: 0 | E66: 0 | G66: 0 | I66: 0 | K66: 0 | M66: 0 | O66: =C31+E31+G31+I31+K31+M31+C66+E66+G66+I66+K66+M66 -> 0 | P66: end of line
A67: 25.2 Other Services from Non-Federal Sources | C67: 0 | E67: 0 | G67: 0 | I67: 0 | K67: 0 | M67: 0 | O67: =C32+E32+G32+I32+K32+M32+C67+E67+G67+I67+K67+M67 -> 0 | P67: end of line
A68: 25.3 Other Goods and Services from Federal Sources | C68: 0 | E68: 0 | G68: 0 | I68: 0 | K68: 0 | M68: 0 | O68: =C33+E33+G33+I33+K33+M33+C68+E68+G68+I68+K68+M68 -> 0 | P68: end of line
A69: 25.5 Research and Development Contracts | C69: 0 | E69: 0 | G69: 0 | I69: 0 | K69: 0 | M69: 0 | O69: =C34+E34+G34+I34+K34+M34+C69+E69+G69+I69+K69+M69 -> 0 | P69: end of line
A70: 25.7 Operation and Maintenance of Equipment | C70: 0 | E70: 0 | G70: 0 | I70: 0 | K70: 0 | M70: 0 | O70: =C35+E35+G35+I35+K35+M35+C70+E70+G70+I70+K70+M70 -> 0 | P70: end of line
A71: 26.0 Supplies and Materials | C71: 0 | E71: 0 | G71: 0 | I71: 0 | K71: 0 | M71: 0 | O71: =C36+E36+G36+I36+K36+M36+C71+E71+G71+I71+K71+M71 -> 0 | P71: end of line
A72: 31.0 Equipment | C72: 0 | E72: 0 | G72: 0 | I72: 0 | K72: 0 | M72: 0 | O72: =C37+E37+G37+I37+K37+M37+C72+E72+G72+I72+K72+M72 -> 0 | P72: end of line
A73: Total Program Change Requests | B73: =SUM(B59:B72) -> 0 | C73: =SUM(C59:C72) -> 19500 | D73: =SUM(D59:D72) -> 0 | E73: =SUM(E59:E72) -> 0 | F73: =SUM(F59:F72) -> 0 | G73: =SUM(G59:G72) -> -19500 | H73: =SUM(H59:H72) -> 0 | I73: =SUM(I59:I72) -> 0 | ... O73: =SUM(O59:O72) -> 0 | P73: end of line
P74: end of sheet

Sheet K. Summary by Grade
A1: Summary of Requirements by Grade | M1: end of line | O1: General Instructions
A2: ='B. Summ of Req.'!A2:D2 -> Office on Violence Against Women | M2: end of line
A3: Salaries and Expenses | M3: end of line | O3: Insert/delete rows as needed. Make sure total formula includes applicable rows in calculation.
A4: (Dollars in Thousands) | M4: end of line | O4: Do NOT change font, font size and other display settings.
M5: end of line
M6: end of line
A7: Grades and Salary Ranges | E7: 2012 Enacted | G7: 2013 Continuing Resolution | I7: 2014 Request | K7: Increase/Decrease | M7: end of line
E8: Direct Pos. | F8: Amount | G8: Direct Pos. | H8: Amount | I8: Direct Pos. | J8: Amount | K8: Direct Pos. | L8: Amount | M8: end of line | O8: Salary range reflects 2012 Pay Scale.
A9: EX | B9: 145700 | C9: - | D9: 199700 | E9: 0 | F9: 0 | G9: 0 | H9: 0 | I9: 0 | J9: 0 | K9: =I9-G9 -> 0 | L9: =J9-H9 -> 0 | M9: end of line
A10: SES/SL | B10: 119554 | C10: - | D10: 179700 | E10: 0 | F10: 0 | G10: 0 | H10: 0 | I10: 0 | J10: 0 | K10: =I10-G10 -> 0 | L10: =J10-H10 -> 0 | M10: end of line
A11: GS-15 | B11: 123758 | C11: - | D11: 155500 | E11: 0 | F11: 0 | G11: 0 | H11: 0 | I11: 0 | J11: 0 | K11: =I11-G11 -> 0 | L11: =J11-H11 -> 0 | M11: end of line
A12: GS-14 | B12: 105211 | C12: - | D12: 136771 | E12: 0 | F12: 0 | G12: 0 | H12: 0 | I12: 0 | J12: 0 | K12: =I12-G12 -> 0 | L12: =J12-H12 -> 0 | M12: end of line
A13: GS-13 | B13: 89033 | C13: - | D13: 115742 | E13: 0 | F13: 0 | G13: 0 | H13: 0 | I13: 0 | J13: 0 | K13: =I13-G13 -> 0 | L13: =J13-H13 -> 0 | M13: end of line
A14: GS-12 | B14: 74872 | C14: - | D14: 97333 | E14: 0 | F14: 0 | G14: 0 | H14: 0 | I14: 0 | J14: 0 | K14: =I14-G14 -> 0 | L14: =J14-H14 -> 0 | M14: end of line
A15: GS-11 | B15: 62467 | C15: - | D15: 81204 | E15: 0 | F15: 0 | G15: 0 | H15: 0 | I15: 0 | J15: 0 | K15: =I15-G15 -> 0 | L15: =J15-H15 -> 0 | M15: end of line
A16: GS-10 | B16: 56857 | C16: - | D16: 73917 | E16: 0 | F16: 0 | G16: 0 | H16: 0 | I16: 0 | J16: 0 | K16: =I16-G16 -> 0 | L16: =J16-H16 -> 0 | M16: end of line
A17: GS-9 | B17: 51630 | C17: - | D17: 67114 | E17: 0 | F17: 0 | G17: 0 | H17: 0 | I17: 0 | J17: 0 | K17: =I17-G17 -> 0 | L17: =J17-H17 -> 0 | M17: end of line
A18: GS-8 | B18: 46745 | C18: - | D18: 60765 | E18: 0 | F18: 0 | G18: 0 | H18: 0 | I18: 0 | J18: 0 | K18: =I18-G18 -> 0 | L18: =J18-H18 -> 0 | M18: end of line
A19: GS-7 | B19: 42209 | C19: - | D19: 54875 | E19: 0 | F19: 0 | G19: 0 | H19: 0 | I19: 0 | J19: 0 | K19: =I19-G19 -> 0 | L19: =J19-H19 -> 0 | M19: end of line
A20: GS-6 | B20: 37983 | C20: - | D20: 49375 | E20: 0 | F20: 0 | G20: 0 | H20: 0 | I20: 0 | J20: 0 | K20: =I20-G20 -> 0 | L20: =J20-H20 -> 0 | M20: end of line
... A25: GS-1 | B25: 22115 | C25: - | D25: 27663 | E25: 0 | F25: 0 | G25: 0 | H25: 0 | I25: 0 | J25: 0 | K25: =I25-G25 -> 0 | L25: =J25-H25 -> 0 | M25: end of line
A26: Total, Appropriated Positions | E26: =SUM(E9:E25) -> 0 | F26: =SUM(F9:F25) -> 0 | G26: =SUM(G9:G25) -> 0 | H26: =SUM(H9:H25) -> 0 | I26: =SUM(I9:I25) -> 0 | J26: =SUM(J9:J25) -> 0 | K26: =SUM(K9:K25) -> 0 | L26: =SUM(L9:L25) -> 0 | M26: end of line | O26: Direct Position totals must agree with exhibit B.
A27: Average SES Salary | F27: 0 | H27: 0 | J27: 0 | M27: end of line
A28: Average GS Salary | F28: 0 | H28: 0 | J28: 0 | M28: end of line | O28: Average GS Salary should agree with compensation data shown in exhibit L.
A29: Average GS Grade | F29: 0 | H29: 0 | J29: 0 | M29: end of line | O29: Formula: Increase/Decrease = 2014 - 2013.
M30: end of line
M31: end of sheet

Sheet L. Summary by OC
A1: Summary of Requirements by Object Class | J1: end of line
A2: ='B. Summ of Req.'!A2:D2 -> Office on Violence Against Women | J2: end of line
A3: Grant Programs/Salaries and Expenses | J3: end of line
A4: (Dollars in Thousands) | J4: end of line
J5: end of line
A6: Object Class | B6: 2012 Actual | D6: 2013 Availability * | F6: 2014 Request | H6: Increase/Decrease | J6: end of line
B7: Direct FTE | C7: Amount | D7: Direct FTE | E7: Amount** | F7: Direct FTE | G7: Amount | H7: Direct FTE | I7: Amount | J7: end of line
A8: 11.1 Full-Time Permanent | B8: 55 | C8: 5453 | D8: 55 | E8: 6762 | F8: 55 | G8: 6918 | H8: =F8-D8 -> 0 | I8: =G8-E8 -> 156 | J8: end of line
A9: 11.3 Other than Full-Time Permanent | B9: 3 | C9: 751 | D9: 3 | E9: 787 | F9: 3 | G9: 780 | H9: =F9-D9 -> 0 | I9: =G9-E9 -> -7 | J9: end of line
A10: 11.5 Other Personnel Compensation | B10: =SUM(B11:B12) -> 0 | C10: 1 | D10: =SUM(D11:D12) -> 0 | E10: =SUM(E11:E12) -> 0 | F10: =SUM(F11:F12) -> 0 | G10: =SUM(G11:G12) -> 0 | H10: =F10-D10 -> 0 | I10: =G10-E10 -> 0 | J10: end of line
A11: Overtime | B11: 0 | C11: 0 | D11: 0 | E11: 0 | F11: 0 | G11: 0 | H11: =F11-D11 -> 0 | I11: =G11-E11 -> 0 | J11: end of line
A12: Other Compensation | B12: 0 | C12: 0 | D12: 0 | E12: 0 | F12: 0 | G12: 0 | H12: =F12-D12 -> 0 | I12: =G12-E12 -> 0 | J12: end of line
A13: 11.8 Special Personal Services Payments | B13: 0 | C13: 0 | D13: 0 | E13: 0 | F13: 0 | G13: 0 | H13: =F13-D13 -> 0 | I13: =G13-E13 -> 0 | J13: end of line
A14: Total | B14: =SUM(B8:B10,B13) -> 58 | C14: =SUM(C8:C10,C13) -> 6205 | D14: =SUM(D8:D10,D13) -> 58 | E14: =SUM(E8:E10,E13) -> 7549 | F14: =SUM(F8:F10,F13) -> 58 | G14: =SUM(G8:G10,G13) -> 7698 | H14: =SUM(H8:H10,H13) -> 0 | I14: =SUM(I8:I10,I13) -> 149 | J14: end of line
A15: Other Object Classes | J15: end of line
A16: 12.0 Personnel Benefits | C16: 1823 | E16: 2010 | G16: 1999 | I16: =G16-E16 -> -11 | J16: end of line
A17: 13.0 Benefits for former personnel | C17: 0 | E17: 0 | G17: 0 | I17: =G17-E17 -> 0 | J17: end of line
A18: 21.0 Travel and Transportation of Persons | C18: 329 | E18: 420 | G18: 390 | I18: =G18-E18 -> -30 | J18: end of line
A19: 22.0 Transportation of Things | C19: 543 | E19: 33 | G19: 33 | I19: =G19-E19 -> 0 | J19: end of line
A20: 23.1 Rental Payments to GSA | C20: 1840 | E20: 1740 | G20: 1730 | I20: =G20-E20 -> -10 | J20: end of line
A21: 23.2 Rental Payments to Others | C21: 45 | E21: 45 | G21: 40 | I21: =G21-E21 -> -5 | J21: end of line
A22: 23.3 Communications, Utilities, and Miscellaneous Charges | C22: 571 | E22: 571 | G22: 571 | I22: =G22-E22 -> 0 | J22: end of line
A23: 24.0 Printing and Reproduction | C23: 8 | E23: 8 | G23: 8 | I23: =G23-E23 -> 0 | J23: end of line
A24: 25.1 Advisory and Assistance Services | C24: 1862 | E24: 4360 | G24: 4360 | I24: =G24-E24 -> 0 | J24: end of line
A25: 25.2 Other Services from Non-Federal Sources | C25: 383 | E25: 500 | G25: 400 | I25: =G25-E25 -> -100 | J25: end of line
A26: 25.3 Other Goods and Services from Federal Sources | B26: 0 | C26: =3421+5414 -> 8835 | D26: 0 | E26: 4503 | F26: 0 | G26: 3503 | I26: =G26-E26+25 -> -975 | J26: end of line
A27: 25.4 Operation and Maintenance of Facilities | C27: 2 | E27: 2 | G27: 2 | I27: =G27-E27 -> 0 | J27: end of line
A28: 25.5 Research and Development Contracts | C28: 0 | E28: 0 | G28: 0 | I28: =G28-E28 -> 0 | J28: end of line
A29: 25.6 Medical Care | C29: 8 | E29: 8 | G29: 8 | I29: =G29-E29 -> 0 | J29: end of line
A30: 25.7 Operation and Maintenance of Equipment | C30: 1 | E30: 1 | G30: 1 | I30: =G30-E30 -> 0 | J30: end of line
A31: 25.8 Subsistence and Support of Persons | C31: 0 | E31: 0 | G31: 0 | I31: =G31-E31 -> 0 | J31: end of line
A32: 26.0 Supplies and Materials | C32: 45 | E32: 26 | G32: 26 | I32: =G32-E32 -> 0 | J32: end of line
A33: 31.0 Equipment | C33: 37 | E33: 37 | G33: 25 | I33: =G33-E33 -> -12 | J33: end of line
A34: 32.0 Land and Structures | C34: 142 | E34: 0 | G34: 0 | I34: =G34-E34 -> 0 | J34: end of line
A35: 41.0 Grants, Subsidies, and Contributions | B35: 0 | C35: 400225 | D35: 0 | E35: 393212 | F35: 0 | G35: 391706 | I35: =G35-E35 -> -1506 | J35: end of line
A36: 42.0 Insurance Claims and Indemnities | C36: 6 | E36: 0 | G36: 0 | I36: =G36-E36 -> 0 | J36: end of line
A37: Total Obligations | C37: =SUM(C14:C36) -> 422910 | E37: =SUM(E14:E36) -> 415025 | G37: =SUM(G14:G36) -> 412500 | I37: =SUM(I14:I36) -> -2500 | J37: end of line
A38: Subtract - Unobligated Balance, Start-of-Year | C38: -49795 | E38: -35006 | G38: -35006 | I38: =G38-E38 -> 0 | J38: end of line
A39: Subtract - Transfers/Reprogramming | C39: -611 | E39: 0 | G39: 0 | I39: =G39-E39 -> 0 | J39: end of line
A40: Subtract - Rescissions | C40: 15000 | E40: 15000 | G40: 6200 | I40: =G40-E40 -> -8800
A41: Subtract - Recoveries/Refunds | C41: -10010 | E41: -15000 | G41: -6200 | I41: =G41-E41 -> 8800 | J41: end of line
A42: Add - Unobligated End-of-Year, Available | C42: 35006 | E42: 0 | G42: 0 | I42: =G42-E42 -> 0 | J42: end of line
A43: Add -Restoration of Rescission | E43: 0 | G43: 35006 | I43: =G43-E43 -> 35006
A44: Add - Unobligated End-of-Year, Expiring | C44: 0 | E44: 35006 | G44: 0 | I44: =G44-E44 -> -35006 | J44: end of line
A45: Total Direct Requirements | B45: =SUM(B37:B44) -> 0 | C45: =SUM(C37:C44) -> 412500 | D45: =SUM(D37:D44) -> 0 | E45: =SUM(E37:E44) -> 415025 | F45: =SUM(F37:F44) -> 0 | G45: =SUM(G37:G44) -> 412500 | H45: =SUM(H37:H44) -> 0 | I45: =SUM(I37:I44) -> -2500 | J45: end of line
A46: Reimbursable FTE | J46: end of line
A47: Full-Time Permanent | B47: 0 | D47: 0 | F47: 0 | H47: =F47-D47 -> 0 | J47: end of line
J48: end of line
A49: 23.1 Rental Payments to GSA (Reimbursable) | C49: 0 | E49: 0 | G49: 0 | I49: =G49-E49 -> 0 | J49: end of line
A50: 25.3 Other Goods and Services from Federal Sources - DHS Security (Reimbursable) | C50: 0 | E50: 0 | G50: 0 | I50: =G50-E50 -> 0 | J50: end of line
J51: end of sheet
A52: *The 2013 Availability includes the 0.612% funding provided by the Continuing Appropriations Resolution, 2013 (P.L. 112-175, Section 101 (c)).
A53: ** The $9 million in full time personnel costs reflected in MAX for 2013 is an error. It should have been $7 million for personnel and $ 2 million for civilian benefits.

Sheet Sheet1
